 Dungeon Crawl Stone Soup version 0.26-a0-708-g17f3b190f9 (webtiles) character file.

Game seed: 15233154981555230637

10504821 Oggdrasil the Conqueror (level 27, 199/199 HPs)
             Began as a Kobold Conjurer on Sept 20, 2020.
             Was a Follower of Uskayaw.
             Escaped with the Orb
             ... and 15 runes on Oct 28, 2020!
             The game lasted 19:47:17 (158670 turns).

Oggdrasil the Conqueror (Kobold Conjurer)         Turns: 158670, Time: 19:47:17

Health: 199/199    AC: 18    Str: 10    XL:     27
Magic:  38/52      EV: 30    Int: 39    God:    Uskayaw [*.....]
Gold:   7729       SH: 21    Dex: 17    Spells: 1/66 levels left

rFire    + + .     SeeInvis +   a - +9 demon blade (elec)
rCold    + . .     Faith    +   c - +5 kite shield {reflect}
rNeg     + + +     Spirit   +   n - +4 moon troll leather armour {Spirit, Regen++ MP+5}
rPois    +         Reflect  +   h - -2 hat of the Alchemist {rElec rPois rF+ rC+ rN+ MR+ rMut rCorr}
rElec    +         Harm     .   l - +1 cloak "Rushro" {Int+7}
rCorr    +         Rampage  .   g - +3 pair of gauntlets of War {Slay+5}
rMut     +                      G - +2 pair of boots {run}
MR       +++..                  r - amulet of faith
Stlth    +++.......             i - ring of Moodiness {Int+4 SInv}
HPRegen  1.23/turn              u - ring "Muopruwk" {+Inv rPois rF+ rN++ Str+3}
MPRegen  0.33/turn

@: very slightly contaminated, quick
A: small, talons 1, agile 1, nightstalker 3
0: Orb of Zot
}: 15/15 runes: barnacled, slimy, silver, golden, iron, obsidian, icy, bone,
abyssal, demonic, glowing, magical, fiery, dark, gossamer
a: Stomp, Renounce Religion, Evoke Invisibility


You escaped.
You worshipped Uskayaw.
Uskayaw was extremely pleased with you.
You visited 18 branches of the dungeon, and saw 88 of its levels.
You visited Pandemonium 2 times, and saw 16 of its levels.
You visited the Abyss 3 times.
You also visited: Ossuary, Gauntlet, Ice Cave and Wizlab.

You collected 17287 gold pieces.
You spent 9558 gold pieces at shops.

Inventory:

Hand Weapons
 a - a +9 demon blade of electrocution (weapon)
 b - a +4 eudemon blade of holy wrath
 d - a +3 dagger of speed
Missiles
 q - 17 atropa-tipped darts
 M - 11 throwing nets (quivered)
Armour
 c - a +5 kite shield of reflection (worn)
 g - the +3 pair of gauntlets of War (worn) {Slay+5}
   (You found it in a wizard's laboratory)

   It affects your accuracy and damage with ranged weapons and melee attacks
   (+5).
 h - the -2 hat of the Alchemist (worn) {rElec rPois rF+ rC+ rN+ MR+ rMut rCorr}
   (You found it on level 1 of the Depths)

   It protects you from fire.
   It protects you from cold.
   It insulates you from electricity.
   It protects you from poison.
   It protects you from negative energy.
   It affects your resistance to hostile enchantments.
   It provides partial protection from all sources of acid and corrosion.
   It protects you from mutation.
 l - the +1 cloak "Rushro" (worn) {Int+7}
   (You found it in a Gauntlet)

   It affects your intelligence (+7).
 n - the +4 moon troll leather armour (worn) {Spirit, Regen++ MP+5}
   (You took it off a moon troll in a wizard's laboratory)

   It affects your magic capacity (+5).
   It increases your rate of regeneration.
 G - a +2 pair of boots of running (worn)
Jewellery
 i - the ring of Moodiness (left hand) {Int+4 SInv}
   (You found it on level 5 of the Pits of Slime)

   [ring of see invisible]

   It affects your intelligence (+4).
   It lets you see invisible.
 r - an amulet of faith (around neck)
 u - the ring "Muopruwk" (right hand) {+Inv rPois rF+ rN++ Str+3}
   (You found it on level 5 of the Pits of Slime)

   [ring of protection from fire]

   It affects your strength (+3).
   It protects you from fire.
   It protects you from poison.
   It greatly protects you from negative energy.
   It lets you turn invisible.
 F - the ring of the Mage {Wiz MR++ Int+3}
   (You bought it in a shop on level 4 of the Depths)

   [ring of wizardry]

   It improves your spell success rate.
   It affects your intelligence (+3).
   It affects your resistance to hostile enchantments.
 J - the ring "Ivuqije" {rF+ Int+5 Dex+6}
   (You bought it in a shop on level 2 of the Vaults)

   [ring of dexterity]

   It affects your intelligence (+5).
   It affects your dexterity (+6).
   It protects you from fire.
Wands
 p - a wand of digging (17)
 t - a wand of iceblast (77)
 z - a wand of flame (73)
 C - a wand of acid (37)
Scrolls
 f - 23 scrolls of identify
 j - 13 scrolls of fog
 w - a scroll of noise
 x - 4 scrolls of blinking
 y - 3 scrolls of amnesia
 D - 7 scrolls of fear
 E - 15 scrolls of teleportation
 R - a scroll of summoning
 T - 46 scrolls of remove curse
 V - 2 scrolls of enchant armour
 W - 5 scrolls of vulnerability
Potions
 k - 2 potions of haste
 m - 3 potions of magic
 o - 24 potions of curing
 s - 15 potions of flight
 v - a potion of heal wounds
 B - 8 potions of stabbing
 H - 6 potions of cancellation
 K - 6 potions of resistance
 L - 5 potions of might
 N - a potion of lignification
 P - 3 potions of brilliance
 U - 2 potions of mutation
 Y - 2 potions of invisibility
 Z - 6 potions of ambrosia
Miscellaneous
 e - a box of beasts (3/3)
 A - a phial of floods
 I - a lightning rod (4/4)
 O - a condenser vane (2/2)
 S - a phantom mirror
 X - a figurine of a ziggurat


   Skills:
 O Level 27 Fighting
 - Level 12.3(17.0) Short Blades
 - Level 13.2(14.0) Long Blades
 - Level 6.0 Throwing
 - Level 10.0 Armour
 - Level 20.0 Dodging
 + Level 23.5 Stealth
 - Level 21.0 Shields
 - Level 20.0 Spellcasting
 - Level 16.0 Conjurations
 - Level 6.0 Hexes
 - Level 10.0 Summonings
 - Level 4.0 Necromancy
 - Level 10.0 Translocations
 - Level 10.0 Transmutations
 - Level 18.0 Fire Magic
   Level 6.8 Ice Magic
 - Level 24.0 Earth Magic
   Level 5.3 Poison Magic
 - Level 25.0 Invocations
 + Level 9.2 Evocations


You had one spell level left.
You knew the following spells:

 Your Spells              Type           Power        Failure   Level
a - Iron Shot             Conj/Erth      ########..   1%          6
b - Borgnjor's Vile Clut  Necr/Erth      #######...   1%          5
c - Dispersal             Tloc           #######...   2%          6
d - Ignition              Fire           ########..   3%          8
e - Spellforged Servitor  Conj/Summ      #######...   3%          7
f - Shatter               Erth           ########..   4%          9
g - Passwall              Tmut/Erth      ########     0%          2
h - Irradiate             Conj/Tmut      #######...   1%          5
j - Summon Mana Viper     Hex/Summ       #######.     1%          5
k - Statue Form           Tmut/Erth      ########.    1%          6
l - Lesser Beckoning      Tloc           #######...   1%          3
m - Apportation           Tloc           ######       0%          1
n - Blink                 Tloc           N/A          1%          2

Your spell library contained the following spells:

 Spells                   Type           Power        Failure   Level
 Beastly Appendage        Tmut           ######       0%          1
 Foxfire                  Conj/Fire      ####         0%          1
 Magic Dart               Conj           ####         0%          1
 Sandblast                Erth           ######       0%          1
 Summon Small Mammal      Summ           ####         0%          1
 Animate Skeleton         Necr           ######       1%          1
 Corona                   Hex            ######.      1%          1
 Freeze                   Ice            ####         1%          1
 Shock                    Conj/Air       ####         1%          1
 Sting                    Tmut/Pois      ####         1%          1
 Searing Ray              Conj           ######       0%          2
 Conjure Flame            Conj/Fire      ########     0%          3
 Stone Arrow              Conj/Erth      ######       0%          3
 Petrify                  Tmut/Erth      ########     0%          4
 Sticky Flame             Conj/Fire      ########     0%          4
 Bolt of Magma            Conj/Fire/Erth ########..   0%          5
 Lee's Rapid Deconstruct  Erth           ########..   0%          5
 Call Imp                 Summ           #######.     1%          2
 Corpse Rot               Necr/Air       N/A          1%          2
 Ensorcelled Hibernation  Hex/Ice        ######       1%          2
 Poisonous Vapours        Pois/Air       ######       1%          2
 Slow                     Hex            ######..     1%          2
 Sublimation of Blood     Necr           ######....   1%          2
 Swiftness                Air            #####...     1%          2
 Wereblood                Tmut           #######.     1%          2
 Call Canine Familiar     Summ           #######.     1%          3
 Confusing Touch          Hex            ######..     1%          3
 Dazzling Flash           Conj/Hex       ######       1%          3
 Frozen Ramparts          Ice            ######       1%          3
 Gell's Gravitas          Tloc           #######...   1%          3
 Ignite Poison            Fire/Tmut/Pois #######.     1%          3
 Inner Flame              Hex/Fire       #######.     1%          3
 Mephitic Cloud           Conj/Pois/Air  #######.     1%          3
 Ozocubu's Armour         Ice            #######.     1%          3
 Portal Projectile        Hex/Tloc       ######       1%          3
 Spider Form              Tmut/Pois      #######...   1%          3
 Static Discharge         Conj/Air       #######.     1%          3
 Summon Guardian Golem    Hex/Summ       #######.     1%          3
 Tukima's Dance           Hex            ######..     1%          3
 Vampiric Draining        Necr           ######....   1%          3
 Animate Dead             Necr           ######....   1%          4
 Cause Fear               Hex            ######....   1%          4
 Dispel Undead            Necr           ######..     1%          4
 Fulminant Prism          Conj/Hex       #######...   1%          4
 Hailstorm                Conj/Ice       #######.     1%          4
 Ice Form                 Ice/Tmut       #######.     1%          4
 Iskenderun's Mystic Bla  Conj/Tloc      #######.     1%          4
 Leda's Liquefaction      Hex/Erth       ########..   1%          4
 Olgreb's Toxic Radiance  Pois           ######..     1%          4
 Passage of Golubria      Tloc           N/A          1%          4
 Summon Ice Beast         Ice/Summ       #######.     1%          4
 Summon Lightning Spire   Summ/Air       ######..     1%          4
 Alistair's Intoxication  Tmut/Pois      #######..    1%          5
 Blade Hands              Tmut           #######...   1%          5
 Fireball                 Conj/Fire      ########..   1%          5
 Iskenderun's Battlesphe  Conj           ########     1%          5
 Lightning Bolt           Conj/Air       #######...   1%          5
 Metabolic Englaciation   Hex/Ice        ######....   1%          5
 Summon Demon             Summ           #######...   1%          5
 Summon Forest            Summ/Tloc      #######...   1%          5
 Yara's Violent Unravell  Hex/Tmut       #######...   1%          5
 Starburst                Conj/Fire      ########..   1%          6
 Orb of Destruction       Conj           ########..   1%          7
 Hydra Form               Tmut           #######...   2%          6
 Shadow Creatures         Summ           N/A          2%          6
 Agony                    Necr           ######..     4%          5
 Excruciating Wounds      Necr           ######....   4%          5
 Conjure Ball Lightning   Conj/Air       #######...   4%          6
 Eringya's Noxious Bog    Tmut/Pois      #######...   5%          6
 Freezing Cloud           Conj/Ice/Air   #######...   6%          6
 Silence                  Hex/Air        ######....   7%          5
 Airstrike                Air            #####.....   9%          4
 Ozocubu's Refrigeration  Ice            #######...   9%          6
 Invisibility             Hex            ######..     11%         6
 Dragon Form              Tmut           #######...   12%         7
 Summon Hydra             Summ           #######...   12%         7
 Simulacrum               Ice/Necr       ######....   14%         6
 Death Channel            Necr           ######....   26%         6
 Haunt                    Necr/Summ      #######...   38%         7
 Disjunction              Tloc           #######...   67%         8
 Necromutation            Tmut/Necr      #######...   97%         8
 Borgnjor's Revivificati  Necr           ######....   100%        8
 Infestation              Necr           ######....   100%        8
 Death's Door             Necr           ######....   100%        9
 Dragon's Call            Summ           #######...   100%        9
 Tornado                  Air            #####.....   100%        9


Dungeon Overview and Level Annotations

Branches:
Dungeon (15/15)            Temple (1/1) D:6            Lair (6/6) D:8
 Shoals (4/4) Lair:4       Spider (4/4) Lair:4        Slime (5/5) Lair:6
    Orc (2/2) D:11            Elf (3/3) Orc:2        Vaults (5/5) D:13
  Crypt (3/3) Vaults:2       Tomb (3/3) Crypt:3      Depths (5/5) D:15
   Hell (visited)             Dis (7/7) Hell            Geh (7/7) Hell
    Coc (7/7) Hell            Tar (7/7) Hell            Zot (5/5) Depths:5
Ossuary (visited)           IceCv (visited)          WizLab (visited)
Gauntlet (visited)

Altars:
Ashenzari
Cheibriados
Dithmenos
Elyvilon
Fedhas
Gozag
Hepliaklqana
Kikubaaqudgha
Makhleb
Nemelex Xobeh
Okawaru
Qazlal
Ru
Sif Muna
Trog
Uskayaw
Vehumet
Wu Jian
Xom
Yredelemnul
Zin
The Shining One
Beogh

Shops:
D:4 }}*([   D:8 :   D:10 *   D:12 [   Orc:2 ([(:   Elf:1 *   Vaults:1 [?
Vaults:2 =   Depths:2 =   Depths:4 }}=

Portals:
Hell: Depths:1 Depths:2 Depths:3 Depths:4 Depths:5
Abyss: Depths:2 Depths:3 Depths:4
Pandemonium: Depths:1 Depths:2 Depths:3 Depths:4 Depths:5
Ziggurat: Depths:5

Annotations:
D:11 exclusion: downstairs
Tomb:1 2 exclusions
Depths:2 exclusion: downstairs
Coc:1 1 exclusion
Coc:3 1 exclusion
Zot:5 exclusions: obsidian statue and 8 more exclusions


Innate Abilities, Weirdness & Mutations

You are small and have problems with some larger weapons.
You are completely attuned to the shadows.
You have sharp toenails.
You are agile. (Dex +2)


Message History

You erupt in a fountain of uncontrolled magic!
The sun demon is blasted with magical radiation!!!
You kill the sun demon!
The balrug is blasted with magical radiation!!!
The balrug is almost dead.
The balrug twists and deforms.
Your spellforged servitor casts a spell at the red devil.
The iron shot hits the red devil!!!
The red devil dies!
You block the balrug's attack.
Uskayaw will force your foes to helplessly watch your dance.
Uskayaw prepares the audience for your solo!
Your spellforged servitor points at the balrug and mumbles some strange words.
The iron shot hits the balrug!!!
The balrug dies!
You see here a cursed +0 trident.
There is an open door here.
You can no longer pass through a line of other dancers.
There is a staircase leading out of the dungeon here.
You have escaped!

#'###............................
.>......##..####'####.....#......
....##.....##PP#.#PP##....#......
..#..)....##PP.#.#≈≈P##...#......
.8...).#.##PPP.#.#≈≈≈P##..##..###
#..).....#P....#.#≈≈≈≈P#......##
#........#PP...#.#≈≈≈≈P#..#....#
#.#..#...#######.#######..#....#
......##.'......@......'..#....##
.........#######.#######.......##
.......(.#P≈≈≈≈#.#..P.P#.......##
.........#P≈≈≈≈#.#..PPP#.......##
......#..##P≈≈≈#.#...P##.......##
.......#..##P≈≈#.#P.P##..####..##
...##......##PP#.#PP##......#..##
#####)#.....####(####.....(.##...
#.#..)...[..............##...


There were no monsters in sight!

Vanquished Creatures
  Cerebov (Pan)
  Antaeus (Coc:7)
  Asmodeus (Geh:7)
  the Royal Jelly (Slime:5)
  Gloorx Vloq (Pan)
  the Serpent of Hell (Tar:7)
  Ereshkigal (Tar:7)
  Lom Lobon (Pan)
  3 pandemonium lords (Pan)
  Mnoleg (Pan)
  Dispater (Dis:7)
  Khufu (Crypt:2)
  2 orbs of fire
  10 ancient liches
  Mennas (Depths:3)
  2 juggernauts
  23 greater mummies
  Bai Suzhen (Spider:4)
  A Killer Klown (Zot:5)
  16 shard shrikes
  5 curse toes
  Margery (Vaults:4)
  7 golden dragons
  Geryon (Hell)
  Jory (Vaults:4)
  Arachne (Spider:2)
  2 profane servitors
  21 Tzitzimimeh
  14 bone dragons
  6 iron giants (Dis:7)
  6 doom hounds
  15 tentacled monstrosities
  4 electric golems
  11 Ice Fiends
  A hellephant (Pan)
  24 Brimstone Fiends
  6 Hell Sentinels (Dis:7)
  A moon troll (WizLab)
  16 Orb Guardians (Zot:5)
  5 titans
  A deep elf master archer (Elf:3)
  8 quicksilver dragons
  10 liches
  21 acid blobs
  28 Executioners
  11 sphinxes
  A kraken (Shoals:4)
  9 death cobs
  An eldritch tentacle (Pan)
  14 ancient champions
  20 tentacled starspawn
  10 draconian monks
  Donald (Shoals:2)
  11 shadow dragons
  12 azure jellies
  15 storm dragons
  14 tengu reavers
  7 revenants
  12 fire giants
  14 frost giants
  A daeva (Abyss:2)
  A ghost moth (Spider:4)
  12 vault wardens
  9 deep elf sorcerers
  9 draconian knights
  An orc warlord (Orc:1)
  7 iron dragons (Dis:7)
  Louise (Depths:3)
  32 balrugs
  4 draconian shifters
  3 warmongers (Pan)
  9 draconian scorchers
  6 emperor scorpions
  A caustic shrike zombie (Depths:4)
  2 deep elf elementalists
  5 curse skulls
  18 cacodemons
  2 angels
  6 draconian stormcallers
  14 ghouls
  19 very ugly things
  52 reapers
  A spriggan defender (Depths:3)
  12 ironheart preservers
  8 blood saints (Pan)
  11 draconian annihilators
  4 entropy weavers
  20 stone giants
  An elemental wellspring (Coc:7)
  13 green draconians
  16 war gargoyles
  10 corrupters (Pan)
  4 deep elf demonologists
  2 ophanim (Abyss:3)
  10 vampire knights
  15 starcursed masses
  An entropy weaver (shapeshifter) (Vaults:1)
  A minotaur (Gauntlet)
  9 purple draconians
  7 deep elf annihilators
  7 black suns (Pan)
  16 lorocyprocas
  5 spark wasps
  9 red draconians
  10 black draconians
  13 yellow draconians
  8 white draconians
  22 blizzard demons
  16 ettins
  2 merfolk javelineers
  The ghost of SnubMonkey the Cleaver, a journeyman GrFi of Makhleb (Lair:4)
  5 merfolk impalers (Shoals:4)
  4 quicksilver dragon zombies
  13 green deaths
  9 deep elf death magi
  6 eidola
  19 mummy priests
  8 death oozes
  6 fire dragons
  23 yaktaur captains
  10 ogre magi
  16 jiangshi
  4 deep elf high priests
  40 vault guards
  Fannar (D:12)
  3 kraken zombies
  12 hydras
  10 great orbs of eyes
  3 rakshasas
  5 quicksilver dragon skeletons
  A naga warrior (Abyss:2)
  20 ice dragons
  3 ghost crabs
  5 catoblepae
  7 monstrous demonspawn (Pan)
  3 spriggan air magi
  An anaconda (shapeshifter) (Vaults:5)
  9 centaur warriors
  3 hell beasts
  3 merfolk aquamancers
  21 two-headed ogres
  64 death scarabs (Tomb:3)
  6 death yaks (Lair:6)
  2 alligator snapping turtles
  28 dancing weapons
  5 death knights
  The ghost of haldagan the Carver, a journeyman TeGl of Cheibriados (D:11)
  3 tengu warriors
  10 deep troll earth magi
  8 hell hogs
  2 satyrs (Shoals:4)
  9 titan zombies
  12 deep troll shamans
  12 thrashing horrors
  9 vampire magi
  An orc high priest (Orc:2)
  5 spriggan berserkers
  6 storm dragon zombies
  15 hell knights
  Sonja (Lair:4)
  44 soul eaters
  3 shock serpents (Pan)
  3 titan skeletons
  16 deep elf knights
  58 sun demons
  2 iron golems (Hell)
  15 wretched stars
  2 spatial maelstroms
  3 ghost moth zombies
  24 sixfirhies
  An iron troll (Depths:3)
  100 skeletal warriors
  14 shadow wraiths
  2 fire crabs
  2 spark wasp zombies (Hell)
  5 golden dragon zombies
  2 cherubim (Abyss:3)
  A fire crab (shapeshifter) (Vaults:5)
  A quicksilver dragon simulacrum (Abyss:2)
  26 deep trolls
  7 torturous demonspawn (Pan)
  A death drake (Abyss:3)
  17 glowing orange brains
  3 orange crystal statues
  12 deep elf archers
  An obsidian statue (Gauntlet)
  3 storm dragon skeletons
  9 anaconda zombies
  13 sea snakes
  6 gelid demonspawn (Pan)
  14 flayed ghosts
  Pikel (D:6)
  5 infernal demonspawn (Pan)
  8 ironbrand convokers
  4 golden dragon skeletons
  9 necromancers
  5 unseen horrors
  2 lindwurms
  18 shadow demons
  11 anaconda skeletons
  12 orc knights
  6 shadow dragon zombies
  24 harpies
  13 orb spiders
  6 wolf spider zombies
  21 phantasmal warriors
  3 orc sorcerers
  7 wizards
  14 frost giant zombies
  23 wolf spiders
  8 stone giant zombies
  2 manticores (shapeshifter)
  17 manticores
  7 iron dragon zombies
  13 fauns
  58 deep elf magi
  3 tengu skeletons
  An oklob plant (Lair:6)
  6 shining eyes
  A cyclops (shapeshifter) (Vaults:5)
  9 worldbinders
  10 cyclopes
  8 fire giant zombies
  A shadow dragon skeleton (Tar:7)
  32 ugly things
  3 stone giant skeletons
  32 moths of wrath
  6 iron dragon skeletons
  An eye of devastation (shapeshifter) (D:13)
  3 fire giant skeletons
  4 black mambas
  6 merfolk sirens
  7 frost giant skeletons
  2 elephants (shapeshifter)
  An apocalypse crab (Abyss:3)
  16 vault sentinels
  A guardian serpent (shapeshifter) (Depths:4)
  6 elephants
  3 guardian serpents
  45 smoke demons
  29 orange demons
  5 dire elephant zombies
  4 ice statues
  6 water nymphs
  8 molten gargoyles (Geh:7)
  48 rust devils
  A water nymph (shapeshifter) (Vaults:3)
  4 gargoyles
  A catoblepas zombie (Geh:6)
  A dire elephant skeleton (Tomb:1)
  9 cane toads
  A titan simulacrum (Coc:7)
  2 pale draconian zombies
  An alligator snapping turtle zombie (Crypt:1)
  A shock serpent skeleton (Pan)
  A torpor snail (Lair:4)
  3 rime drakes
  9 anaconda simulacra
  3 spriggan skeletons
  8 eyes of devastation
  40 hellions
  A yaktaur (shapeshifter) (Vaults:1)
  A rime drake (shapeshifter) (Vaults:3)
  13 efreet
  A golden dragon simulacrum (IceCv)
  40 red devils
  5 komodo dragons
  13 demonic crawlers
  2 emperor scorpion zombies
  33 yaktaurs
  40 freezing wraiths
  4 tengu conjurers (Depths:2)
  22 hellwings
  A death yak skeleton (Crypt:3)
  60 tormentors
  3 harpy zombies
  2 ghosts
  A purple draconian skeleton (Crypt:3)
  38 ice devils
  A queen ant zombie (Crypt:1)
  11 ancient zymes
  5 hydra zombies
  2 queen bees (shapeshifter)
  3 catoblepas skeletons
  8 trolls
  36 guardian mummies
  33 jumping spiders
  5 silent spectres
  19 hornets
  6 wind drakes
  A hornet (shapeshifter) (Abyss:3)
  2 polar bears (Lair:6)
  20 merfolk
  7 removed hippogriffs
  A spriggan zombie (Hell)
  A blink frog (shapeshifter) (Vaults:3)
  A shadow dragon simulacrum (Abyss:4)
  74 slime creatures
  5 bog bodies
  6 hydra skeletons
  A raiju (shapeshifter) (Depths:1)
  7 fire dragon zombies
  A harpy skeleton (Pan)
  3 tyrant leeches (Spider:2)
  26 blink frogs
  9 snapping turtles
  6 ice dragon zombies
  A fire giant simulacrum (Vaults:3)
  2 tarantella zombies
  7 ettin zombies
  2 meliai zombies
  A stone giant simulacrum (Tar:3)
  5 alligator zombies
  A snapping turtle (shapeshifter) (Depths:3)
  A frost giant simulacrum (Depths:4)
  5 dream sheep (Shoals:4)
  24 raiju
  7 centaur simulacra
  168 flying skulls
  33 shadows
  6 fire dragon skeletons
  74 redbacks
  2 vampires
  27 ynoxinuls
  14 tarantellas
  4 air elementals
  8 alligator skeletons
  31 wraiths
  Sigmund (D:6)
  22 water elementals
  3 ettin skeletons
  8 ushabtiu
  8 fire bats
  6 basilisks
  A yak (shapeshifter) (Depths:1)
  45 yaks
  3 black mamba zombies
  3 ice dragon skeletons
  3 dire elephant simulacra (IceCv)
  5 wyverns
  20 fire elementals
  A golden eye (shapeshifter) (Vaults:1)
  7 golden eyes
  23 neqoxecs
  Grum (D:11)
  A catoblepas simulacrum (Tomb:3)
  A death yak simulacrum (IceCv)
  A steam dragon (D:7)
  29 chaos spawn
  Edmund (D:5)
  7 wargs
  5 harpy simulacra (IceCv)
  Menkaure (D:4)
  10 spatial vortices (Abyss:2)
  6 hydra simulacra
  5 human zombies
  2 iron troll simulacra (IceCv)
  85 hell hounds
  An insubstantial wisp (Abyss:1)
  A soldier ant (D:13)
  A soldier ant (shapeshifter) (Elf:1)
  17 water moccasins
  A merfolk skeleton (Coc:7)
  An acid dragon (D:15)
  10 cane toad zombies
  2 floating eyes
  3 nameless horrors
  50 large abominations
  7 removed porcupines
  A black bear (shapeshifter) (D:15)
  42 orc warriors
  5 sky beasts
  5 snapping turtle zombies
  A hornet zombie (D:7)
  20 necrophages
  8 eyes of draining
  5 ice beasts
  A manticore zombie (Tar:7)
  An ettin simulacrum (Coc:7)
  24 ogres
  10 phantoms
  6 boggarts
  2 elf zombies
  5 cane toad skeletons
  5 snapping turtle skeletons
  A dream sheep skeleton (Crypt:2)
  A manticore skeleton (Coc:1)
  25 wolves
  30 centaurs
  A swamp dragon skeleton (Geh:5)
  7 removed crocodiles
  A big kobold (D:14)
  Blork the orc (D:6)
  20 bullfrogs
  A bullfrog (shapeshifter) (Depths:3)
  A wyvern zombie (D:6)
  3 earth elementals
  A gnoll sergeant (D:10)
  31 small abominations
  A cane toad simulacrum (Coc:5)
  A water moccasin skeleton (D:9)
  4 scorpions
  3 wyvern skeletons
  2 killer bees (Abyss:3)
  A troll zombie (Geh:2)
  56 wights
  2 electric eels
  4 howler monkeys
  16 crimson imps
  5 centaur zombies
  2 draconian simulacra (IceCv)
  3 quasits
  13 orc priests
  A soldier ant zombie (Crypt:2)
  5 hounds
  6 centaur skeletons
  2 bullfrog skeletons
  9 jellies
  21 orc wizards
  4 iguanas
  22 iron imps
  A black bear skeleton (Crypt:3)
  9 worker ants
  Terence (D:3)
  A program bug skeleton (Crypt:2)
  3 troll simulacra (IceCv)
  A killer bee zombie (Crypt:2)
  An acid dragon zombie (Crypt:2)
  A deep dwarf zombie (Crypt:2)
  A big kobold zombie (Ossuary)
  An ogre skeleton (Abyss:4)
  A naga skeleton (Crypt:1)
  2 hound zombies
  47 mummies
  5 hound skeletons
  2 worker ant zombies
  Robin (D:2)
  12 adders
  11 gnolls
  2 naga simulacra (IceCv)
  9 shadow imps
  23 white imps
  13 ufetubi
  An adder zombie (D:4)
  A halfling skeleton (Crypt:3)
  8 worms
  3 adder skeletons
  3 dart slugs
  7 leopard geckos
  83 orcs
  6 giant cockroaches
  4 hobgoblins
  6 jackals
  3 quokkas
  3 ball pythons
  10 bats
  A frilled lizard (D:3)
  A gnoll zombie (Ossuary)
  11 goblins
  2 hobgoblin zombies (Ossuary)
  A jackal skeleton (D:4)
  2 jackal zombies (D:4)
  18 kobolds
  3 kobold zombies
  A leopard gecko skeleton (D:5)
  A leopard gecko zombie (D:4)
  2 orc skeletons
  2 orc zombies (Ossuary)
  4 rats
  2 fulminant prisms
  7 starspawn tentacles
  4 tentacles
4684 creatures vanquished.

Vanquished Creatures (collateral kills)
  4 ancient liches
  Mara (Spider:2)
  4 greater mummies (Tomb:1)
  2 golden dragons (Zot:1)
  3 bone dragons
  An electric golem (Zot:5)
  2 Tzitzimimeh (Tar:7)
  5 Brimstone Fiends
  2 iron giants (Dis:7)
  3 tentacled monstrosities
  5 Ice Fiends
  Asterion (Spider:2)
  2 titans
  5 Orb Guardians (Zot:5)
  A deep elf master archer (Elf:3)
  3 tentacled starspawn
  An Executioner (Dis:7)
  Frances (D:12)
  A sphinx (Tomb:1)
  A storm dragon (Zot:3)
  Kirke (D:11)
  Roxanne (Spider:3)
  A revenant (Tomb:1)
  A balrug (D:1)
  3 ghost moths
  An emperor scorpion (Spider:4)
  A cacodemon (Pan)
  A draconian scorcher (Zot:1)
  A vault warden (Vaults:5)
  A warmonger (Pan)
  The ghost of Kyth the Severer, a journeyman MiFi of Makhleb (D:15)
  A draconian annihilator (Zot:5)
  An iron dragon (Dis:7)
  A deep elf elementalist (Elf:3)
  4 reapers
  A war gargoyle (Dis:7)
  An ironheart preserver (Vaults:5)
  2 entropy weavers
  A stone giant (Depths:5)
  An elemental wellspring (Coc:7)
  A vampire knight (Depths:4)
  3 deep elf demonologists (Elf:3)
  A green draconian (Zot:3)
  Azrael (D:12)
  4 deep elf annihilators
  2 blizzard demons
  A deep elf death mage (Elf:3)
  2 mummy priests
  A crystal guardian (WizLab)
  A quicksilver dragon zombie (Coc:7)
  A deep elf high priest (Elf:3)
  5 ice dragons (Coc:7)
  3 merfolk avatars
  A merfolk aquamancer (Shoals:4)
  6 death scarabs (Tomb:3)
  A storm dragon zombie (Coc:1)
  A shock serpent (shapeshifter) (Depths:3)
  A sun demon (Pan)
  A soul eater (Tar:7)
  A deep elf knight (Elf:3)
  12 skeletal warriors
  A titan skeleton (Geh:5)
  A sixfirhy (Pan)
  A hell knight (Geh:3)
  A spatial maelstrom (Abyss:3)
  An unseen horror (D:13)
  A gelid demonspawn (Pan)
  A deep elf archer (Elf:1)
  2 starcursed masses (WizLab)
  2 shadow dragon zombies
  A storm dragon skeleton (Coc:1)
  A golden dragon zombie (Coc:7)
  A faun (Shoals:3)
  An anaconda skeleton (Tomb:3)
  6 orb spiders
  4 deep elf magi (Elf:1)
  A fire giant zombie (Geh:3)
  A manticore (Shoals:4)
  A moth of wrath (Zot:5)
  An iron dragon zombie (Coc:1)
  3 fire giant skeletons
  An iron dragon skeleton (Geh:3)
  A rust devil (Dis:7)
  An apocalypse crab (Abyss:3)
  A frost giant skeleton (Coc:1)
  3 orange demons
  A merfolk siren (Shoals:1)
  An emperor scorpion zombie (Tar:5)
  A hellion (Tar:1)
  6 ice devils
  6 freezing wraiths
  A catoblepas skeleton (Tar:7)
  A tormentor (Pan)
  A red devil (D:1)
  5 guardian mummies
  A troll (shapeshifter) (Abyss:2)
  A jumping spider (Spider:3)
  A merfolk (Shoals:4)
  A bog body (Coc:7)
  2 slime creatures (Slime:5)
  A tyrant leech (Spider:3)
  A harpy skeleton (Coc:7)
  2 fire dragon zombies
  An air elemental (Elf:2)
  8 flying skulls
  An alligator skeleton (Tar:3)
  2 shadows
  A water elemental (Shoals:4)
  2 ynoxinuls (Pan)
  A redback (Spider:4)
  3 wraiths
  An ettin skeleton (Coc:1)
  A fire elemental (Elf:3)
  2 chaos spawn
  3 neqoxecs
  5 hell hounds
  2 cane toad zombies (Coc:7)
  An ettin simulacrum (IceCv)
  2 necrophages
  A cane toad skeleton (Coc:7)
  2 ice beasts
  A small abomination (Abyss:4)
  A swamp dragon skeleton (Coc:1)
  5 earth elementals
  A wight (Tar:3)
  2 mummies
  4 shadow imps (Tar:7)
  3 white imps
  A starspawn tentacle (Abyss:3)
253 creatures vanquished.

Vanquished Creatures (others)
  A revenant (Tomb:1)
  A vault warden (Vaults:5)
  An ice dragon (Coc:7)
  A frost giant skeleton (Geh:7)
  An ancient zyme (Abyss:3)
  A raiju (Abyss:4)
  2 humans (D:12)
  A nameless horror (D:12)
  A hell hound (Geh:7)
  An orc warrior (Vaults:3)
  A boggart (Depths:2)
  A small abomination (Abyss:3)
  An ufetubus (Abyss:4)
  2 orcs
  401 fulminant prisms
  32 fungi
  A lurking horror (Abyss:4)
  155 plants
  51 starspawn tentacles
  14 tentacles
  5 withered plants
675 creatures vanquished.

Grand Total: 5612 creatures vanquished

Notes
Turn   | Place    | Note
-------+----------+-------------------------------------------
     0 | D:1      | Oggdrasil the Kobold Conjurer began the quest for the Orb.
     0 | D:1      | Reached XP level 1. HP: 10/10 MP: 3/3
   207 | D:1      | Reached XP level 2. HP: 16/16 MP: 3/5
   759 | D:1      | Reached XP level 3. HP: 15/20 MP: 4/6
   853 | D:1      | Reached skill level 1 in Fighting
  1287 | D:2      | Reached XP level 4. HP: 16/25 MP: 5/8
  1996 | D:3      | Reached XP level 5. HP: 30/30 MP: 9/9
  2002 | D:3      | Reached skill level 2 in Fighting
  2002 | D:3      | Reached skill level 5 in Conjurations
  2100 | D:3      | Noticed Robin
  2687 | D:2      | Killed Robin
  2839 | D:3      | Noticed Terence
  2868 | D:3      | Killed Terence
  3040 | D:3      | Reached XP level 6. HP: 36/36 MP: 10/10
  3991 | D:4      | Found Xeulueba's Antique Armour Shoppe.
  4111 | D:4      | Learned a level 3 spell: Dazzling Flash
  4116 | D:4      | Learned a level 4 spell: Fulminant Prism
  4124 | D:4      | Noticed a sky beast
  4149 | D:4      | Killed a sky beast
  4149 | D:4      | Reached skill level 3 in Fighting
  4149 | D:4      | Reached skill level 5 in Stealth
  4149 | D:4      | Reached XP level 7. HP: 29/41 MP: 10/12
  4440 | D:4      | Found Gifoz's Antique Weapon Emporium.
  4841 | D:4      | Found Sonevuas's General Store.
  4847 | D:4      | Found Bireuh's Gadget Shoppe.
  5000 | D:4      | Noticed Menkaure
  5384 | D:4      | Found Vuock's Gadget Emporium.
  5471 | D:5      | Entered Level 5 of the Dungeon
  5540 | D:5      | Noticed Edmund
  5612 | D:5      | Killed Edmund
  5612 | D:5      | Reached skill level 1 in Hexes
  5612 | D:5      | Reached XP level 8. HP: 48/48 MP: 10/14
  6208 | D:5      | Reached skill level 4 in Fighting
  6652 | D:5      | Learned a level 2 spell: Searing Ray
  7020 | D:6      | Reached skill level 5 in Spellcasting
  7098 | D:6      | Found a sand-covered staircase.
  7104 | Ossuary  | Entered an ossuary
  7329 | Ossuary  | Reached XP level 9. HP: 52/52 MP: 12/16
  7470 | D:6      | Reached skill level 5 in Hexes
  7717 | D:6      | Reached skill level 1 in Short Blades
  7777 | D:6      | Noticed Sigmund
  7839 | D:6      | Killed Sigmund
  8010 | D:6      | Found a staircase to the Ecumenical Temple.
  8019 | Temple   | Entered the Ecumenical Temple
  8309 | Temple   | Upgraded the game from 0.26-a0-639-g72c4674329 to
                  | 0.26-a0-642-g67e99244d3
  8312 | Temple   | Became a worshipper of Uskayaw the Reveler
  8353 | D:6      | Reached * piety under Uskayaw
  8393 | D:6      | Reached ** piety under Uskayaw
  8430 | D:6      | Noticed Blork the orc
  8439 | D:6      | Killed Blork the orc
  8787 | D:6      | Noticed Pikel
  8803 | D:6      | Killed Pikel
  8803 | D:6      | Reached XP level 10. HP: 58/58 MP: 6/17
  9010 | D:6      | Found a burning altar of Makhleb.
  9363 | D:7      | Reached skill level 5 in Fighting
  9912 | D:7      | Identified the Tome of Venom
 10476 | D:8      | Found Foplyso's Book Emporium.
 10551 | D:8      | Learned a level 3 spell: Ignite Poison
 10554 | D:8      | Learned a level 2 spell: Ensorcelled Hibernation
 10840 | D:8      | Reached skill level 5 in Dodging
 11539 | D:8      | Found a staircase to the Lair.
 11937 | D:9      | Reached skill level 1 in Shields
 11966 | D:9      | Got an encrusted long sword
 12556 | D:9      | Reached *** piety under Uskayaw
 12627 | D:9      | Identified the +3 long sword of the Eternal Void {pain,
                  | +Fly Int+2} (You found it on level 9 of the Dungeon)
 13312 | D:10     | Entered Level 10 of the Dungeon
 13335 | D:9      | Reached XP level 11. HP: 59/64 MP: 10/18
 13592 | D:10     | Reached **** piety under Uskayaw
 13594 | D:10     | Reached skill level 5 in Shields
 13603 | D:10     | Reached ***** piety under Uskayaw
 13872 | D:10     | Reached skill level 1 in Long Blades
 14073 | D:10     | Noticed a two-headed ogre
 14106 | D:10     | Killed a two-headed ogre
 15016 | D:9      | Reached skill level 5 in Long Blades
 15250 | D:10     | Found Lumexoj's Assorted Antiques.
 15460 | D:11     | Noticed a cyclops
 15479 | D:11     | Killed a cyclops
 15619 | D:11     | Found a runed translucent door.
 15747 | D:11     | Found a staircase to the Orcish Mines.
 15854 | D:11     | Noticed Grum
 15881 | D:11     | Killed Grum
 16167 | D:11     | Noticed a manticore
 16184 | D:11     | Killed a manticore
 16525 | D:11     | Noticed a purple ugly thing
 16536 | D:11     | Killed a purple ugly thing
 16536 | D:11     | Reached XP level 12. HP: 69/69 MP: 7/19
 17258 | D:11     | Noticed haldagan's ghost (journeyman TeGl)
 17683 | Lair:1   | Entered Level 1 of the Lair of Beasts
 18002 | Lair:1   | Reached skill level 1 in Invocations
 18024 | Lair:1   | Reached skill level 6 in Fighting
 18115 | Lair:1   | Reached skill level 10 in Stealth
 18839 | Lair:2   | Noticed a four-headed hydra
 19095 | Lair:2   | Noticed a four-headed hydra
 19384 | Lair:1   | Killed a four-headed hydra
 19384 | Lair:1   | Reached skill level 7 in Fighting
 19384 | Lair:1   | Reached skill level 10 in Short Blades
 19672 | Lair:2   | Noticed an eight-headed hydra
 19761 | Lair:2   | Learned a level 3 spell: Frozen Ramparts
 19816 | Lair:2   | Killed a four-headed hydra
 20013 | Lair:2   | Killed an eight-headed hydra
 20768 | Lair:3   | Reached XP level 13. HP: 76/76 MP: 18/20
 20780 | Lair:3   | Learned a level 2 spell: Passwall
 20783 | Lair:3   | Reached skill level 5 in Ice Magic
 20898 | Lair:3   | Reached skill level 1 in Transmutations
 21167 | Lair:4   | Found a hole to the Spider Nest.
 21217 | Lair:4   | Found a staircase to the Shoals.
 21246 | Lair:4   | Noticed SnubMonkey's ghost (journeyman GrFi)
 21260 | Lair:4   | Noticed Sonja
 21311 | Lair:4   | Killed Sonja
 21326 | Lair:4   | Noticed a six-headed hydra
 21353 | Lair:4   | Killed a six-headed hydra
 21463 | Lair:4   | Found a transporter.
 21502 | Lair:4   | Reached skill level 5 in Transmutations
 22059 | Lair:4   | Reached skill level 1 in Poison Magic
 22262 | Lair:4   | Found a snail-covered altar of Cheibriados.
 22266 | Lair:4   | Found a transporter.
 22315 | Lair:4   | Noticed an eight-headed hydra
 22359 | Lair:4   | Killed an eight-headed hydra
 24468 | Lair:6   | Entered Level 6 of the Lair of Beasts
 24683 | Lair:6   | Identified the Catalogue of Saltpetre
 24704 | Lair:6   | Found a staircase to the Slime Pits.
 24742 | Lair:6   | Reached skill level 8 in Fighting
 24981 | Lair:5   | Reached XP level 14. HP: 55/84 MP: 2/23
 26741 | Lair:6   | Reached skill level 10 in Dodging
 27076 | Lair:6   | Reached skill level 9 in Fighting
 27619 | Lair:6   | Reached skill level 5 in Poison Magic
 27646 | Lair:6   | Reached skill level 5 in Invocations
 28264 | Lair:6   | Got a shimmering iron ring
 28456 | D:8      | Identified the ring "Bung" {Wiz Str+2} (You found it on
                  | level 6 of the Lair of Beasts)
 28463 | D:8      | Learned a level 3 spell: Ozocubu's Armour
 28468 | D:8      | Learned a level 4 spell: Hailstorm
 28476 | D:8      | Identified a scroll of acquirement
 28753 | Orc:1    | Entered Level 1 of the Orcish Mines
 28958 | Orc:1    | Found a roughly hewn altar of Beogh.
 29171 | Orc:2    | Entered Level 2 of the Orcish Mines
 29199 | Orc:2    | Noticed an orc warlord
 29517 | Orc:1    | Killed an orc warlord
 29805 | Orc:2    | Reached XP level 15. HP: 62/92 MP: 10/26
 30429 | Orc:2    | Found a staircase to the Elven Halls.
 30461 | Orc:2    | Found a roughly hewn altar of Beogh.
 31611 | Orc:1    | You fall into a shaft and drop 1 floor!
 31872 | Orc:2    | Reached skill level 10 in Fighting
 32027 | Orc:2    | Found Jaetio's Armour Shop.
 32027 | Orc:2    | Found Erigg's Weapon Shoppe.
 32027 | Orc:2    | Found Jiwomipe's Book Emporium.
 32028 | Orc:2    | Found Arphaicaa's Antique Weapon Boutique.
 32120 | Orc:2    | Acquired a +1 pair of boots of running
 32134 | Orc:2    | Upgraded the game from 0.26-a0-642-g67e99244d3 to
                  | 0.26-a0-646-g5d7718319a
 32177 | Orc:2    | Bought a book of Transfigurations for 770 gold pieces
 32333 | D:8      | Bought a book of Summonings for 770 gold pieces
 32479 | Elf:1    | Entered Level 1 of the Elven Halls
 32514 | Elf:1    | Found Orebecs's General Store.
 33259 | Orc:2    | Learned a level 5 spell: Summon Mana Viper
 33266 | Elf:1    | Reached skill level 1 in Summonings
 33291 | Elf:1    | Reached ****** piety under Uskayaw
 34318 | Elf:1    | Reached skill level 10 in Spellcasting
 34342 | Elf:1    | Reached skill level 5 in Summonings
 34708 | Elf:1    | Found a shimmering blue altar of Sif Muna.
 35647 | Elf:1    | Bought a scroll of blinking for 105 gold pieces
 35690 | Elf:1    | Reached skill level 1 in Earth Magic
 35827 | Elf:1    | Identified the Disquisition on Arcane Weapons
 36428 | D:12     | Noticed Frances
 36665 | D:12     | Found Cakh's Antique Armour Boutique.
 36852 | D:12     | Noticed Azrael
 36870 | D:12     | Killed Azrael
 37227 | D:11     | Reached XP level 16. HP: 86/97 MP: 14/30
 37430 | D:12     | Noticed Fannar
 37432 | D:12     | Killed Fannar
 37797 | D:12     | Noticed Kirke
 37936 | D:11     | Killed Kirke
 38301 | D:12     | Killed Frances
 39550 | D:13     | Found a gate to the Vaults.
 39606 | D:13     | Reached skill level 5 in Earth Magic
 41111 | D:14     | Found a gate leading to a gauntlet.
 41123 | Gauntlet | Entered a Gauntlet
 41123 | Gauntlet | Found a large runed translucent door.
 41123 | Gauntlet | Found a large runed translucent door.
 41123 | Gauntlet | Found a large runed translucent door.
 41123 | Gauntlet | Found a large runed translucent door.
 41128 | Gauntlet | Found a transporter.
 41171 | Gauntlet | Found a transporter.
 41205 | Gauntlet | Found a transporter.
 41205 | Gauntlet | Found a transporter.
 41221 | Gauntlet | Found a transporter.
 41221 | Gauntlet | Found a transporter.
 41229 | Gauntlet | Found a runed translucent gate.
 41230 | Gauntlet | Found a transporter.
 41230 | Gauntlet | Found a transporter.
 41230 | Gauntlet | Found a runed translucent gate.
 41231 | Gauntlet | Found a runed translucent gate.
 41246 | Gauntlet | Found a transporter.
 41246 | Gauntlet | Found a transporter.
 41264 | Gauntlet | Found a transporter.
 41302 | Gauntlet | Found a large runed translucent door.
 41302 | Gauntlet | Found a large runed translucent door.
 41303 | Gauntlet | Found a large runed translucent door.
 41304 | Gauntlet | Found a large runed translucent door.
 41305 | Gauntlet | Found a large runed translucent door.
 41305 | Gauntlet | Found a large runed translucent door.
 41306 | Gauntlet | Found a large runed translucent door.
 41307 | Gauntlet | Found a large runed translucent door.
 41313 | Gauntlet | Found a runed translucent door.
 41314 | Gauntlet | Found a transporter.
 41315 | Gauntlet | Found a runed translucent door.
 41316 | Gauntlet | Found a large runed translucent door.
 41316 | Gauntlet | Found a large runed translucent door.
 41333 | Gauntlet | Found a large runed translucent door.
 41333 | Gauntlet | Found a large runed translucent door.
 41752 | Gauntlet | Got a crude glass ring
 41756 | Gauntlet | Got an ancient cloak
 41861 | Gauntlet | Identified the ring of Tituud {+Fly Dex+4}
 42052 | Gauntlet | Identified Deuxaz's Collected Works on the Spatial
                  | Snowflakes
 42055 | Gauntlet | Identified the +1 cloak "Rushro" {Int+7} (You found it in a
                  | Gauntlet)
 42067 | Gauntlet | Identified the ring of Piplusoa {Fire rN+ Str+4 Stlth+}
                  | (You found it in a Gauntlet)
 42540 | Lair:4   | Learned a level 6 spell: Statue Form
 42543 | Spider:1 | Entered Level 1 of the Spider Nest
 44251 | Spider:2 | Noticed Arachne
 44440 | Spider:2 | Killed Arachne
 44440 | Spider:2 | Reached XP level 17. HP: 102/102 MP: 13/32
 45155 | Spider:3 | Reached skill level 10 in Earth Magic
 45335 | Spider:3 | Identified Roxanne's Incunabulum of Shape Shifting
 45335 | Spider:3 | Noticed Roxanne
 46025 | Spider:3 | Reached skill level 10 in Transmutations
 46031 | Spider:3 | Noticed Mara
 46049 | Spider:2 | Killed Mara
 46982 | Spider:3 | Noticed Asterion
 47045 | Spider:3 | Noticed an Executioner
 47063 | Spider:2 | Killed Asterion
 47758 | Spider:3 | Killed Roxanne
 48576 | Spider:4 | Entered Level 4 of the Spider Nest
 48697 | Spider:4 | Reached skill level 11 in Fighting
 48885 | Spider:4 | Learned a level 5 spell: Irradiate
 49184 | Spider:4 | Noticed Bai Suzhen
 49206 | Spider:4 | Killed Bai Suzhen
 49434 | Spider:4 | Reached XP level 18. HP: 110/110 MP: 6/34
 50771 | Spider:4 | Got a gossamer rune of Zot
 50903 | Lair:4   | Upgraded the game from 0.26-a0-646-g5d7718319a to
                  | 0.26-a0-648-g87339cca5e
 50997 | Shoals:1 | Entered Level 1 of the Shoals
 50997 | Shoals:1 | Found the macabre finger necklace {rN+}
 51629 | Lair:4   | Upgraded the game from 0.26-a0-648-g87339cca5e to
                  | 0.26-a0-649-gf8c6c3aab7
 52283 | Shoals:1 | Reached skill level 12 in Fighting
 52358 | Shoals:1 | Reached skill level 10 in Invocations
 52968 | Shoals:2 | Found a frozen archway.
 52984 | IceCv    | Entered an ice cave
 54730 | IceCv    | Noticed an Ice Fiend
 54890 | IceCv    | Killed an Ice Fiend
 55550 | Shoals:2 | Noticed Donald
 55554 | Shoals:2 | Killed Donald
 56411 | Shoals:3 | Reached XP level 19. HP: 116/116 MP: 20/35
 56432 | Shoals:3 | Reached skill level 10 in Long Blades
 58217 | Shoals:4 | Entered Level 4 of the Shoals
 59455 | Shoals:4 | Got a barnacled rune of Zot
 59742 | Shoals:4 | Upgraded the game from 0.26-a0-649-gf8c6c3aab7 to
                  | 0.26-a0-663-g36e8fdb655
 61488 | Elf:2    | Found a magical portal.
 61493 | WizLab   | Entered Lehudib's Moon Base
 61562 | WizLab   | Found a transporter.
 62035 | WizLab   | Reached XP level 20. HP: 122/122 MP: 23/36
 62369 | WizLab   | Paralysed by a great orb of eyes for 5 turns
 63489 | WizLab   | Found a transporter.
 63701 | WizLab   | Found the +3 pair of gauntlets of War {Slay+5}
 64261 | WizLab   | Got a fine turquoise ring
 64265 | WizLab   | Got an ancient helmet
 64307 | WizLab   | Identified the +1 helmet "Mair" {rCorr} (You found it in a
                  | wizard's laboratory)
 64338 | WizLab   | Identified the ring "Etirit" {Wiz Str+3} (You found it in a
                  | wizard's laboratory)
 64474 | D:11     | Killed haldagan's ghost
 64561 | D:8      | Bought a book of the Earth for 715 gold pieces
 64570 | D:8      | Learned a level 6 spell: Iron Shot
 64576 | D:8      | Learned a level 5 spell: Borgnjor's Vile Clutch
 64799 | Elf:2    | Found a shimmering blue altar of Sif Muna.
 65173 | Elf:2    | Found a runed translucent door.
 65208 | Elf:2    | Found a runed translucent door.
 66535 | Elf:2    | Reached skill level 10 in Conjurations
 66537 | Elf:2    | Reached skill level 13 in Fighting
 67138 | Elf:3    | Entered Level 3 of the Elven Halls
 67152 | Elf:2    | Reached XP level 21. HP: 129/129 MP: 32/38
 68063 | Elf:3    | Upgraded the game from 0.26-a0-663-g36e8fdb655 to
                  | 0.26-a0-665-gefeb406119
 68069 | Elf:3    | Found a radiant altar of Vehumet.
 68875 | Elf:3    | Identified the amulet "Naunaum" {Acrobat rElec rF+ MR+
                  | Dex+6}
 69001 | Elf:3    | Identified the +8 plate armour "Tidyfas" {rN+ Int+5 Dex+2}
 69425 | Elf:3    | Reached skill level 14 in Fighting
 69710 | Elf:3    | Found a radiant altar of Vehumet.
 70250 | Elf:3    | Identified the +5 halberd of the Ghost {vorpal, +Fly}
 70263 | Elf:3    | Noticed a Brimstone Fiend
 71048 | Elf:3    | Found a radiant altar of Vehumet.
 71696 | Elf:3    | Found a radiant altar of Vehumet.
 72417 | Elf:3    | Cast into level 3 of the Abyss (a deep elf sorcerer)
 72569 | Abyss:3  | Noticed a bone dragon
 72581 | Abyss:3  | Killed a bone dragon
 72899 | Elf:3    | Escaped the Abyss
 73304 | Elf:3    | Identified the Guide on Entrancing Transmutation
 73316 | Elf:3    | Identified Waqism's Handbook of Shifting Flight
 73324 | Elf:3    | Identified the Incunabulum of Hexes and the Traveller
 73882 | Lair:4   | Killed SnubMonkey's ghost
 73989 | Slime:1  | Entered Level 1 of the Pits of Slime
 74044 | Slime:1  | Reached XP level 22. HP: 139/139 MP: 16/39
 74130 | Slime:1  | Gained mutation: Scrolls take you a little longer to read.
                  | [a shining eye]
 74133 | Slime:1  | Paralysed by a floating eye for 4 turns
 74150 | Slime:1  | Reached skill level 15 in Fighting
 75223 | Slime:5  | Entered Level 5 of the Pits of Slime
 75383 | Slime:5  | Noticed the Royal Jelly
 75635 | Slime:5  | Killed the Royal Jelly
 75960 | Slime:5  | Got a distressingly furry leather armour
 75963 | Slime:5  | Identified the +0 leather armour of Distant Shores {Harm
                  | rN+ Slay+2} (You found it on level 5 of the Pits of Slime)
 75991 | Slime:5  | Got a slimy rune of Zot
 76003 | Slime:5  | Got a fine copper ring
 76006 | Slime:5  | Identified the ring of Moodiness {Int+4 SInv} (You found it
                  | on level 5 of the Pits of Slime)
 76015 | Slime:5  | Got a dazzling leather armour
 76018 | Slime:5  | Identified the +2 leather armour of the Elven Halls {rCorr
                  | MP+9 Int+8 Dex-5} (You found it on level 5 of the Pits of
                  | Slime)
 76034 | Slime:5  | Got a wavering glass ring
 76037 | Slime:5  | Identified the ring "Muopruwk" {+Inv rPois rF+ rN++ Str+3}
                  | (You found it on level 5 of the Pits of Slime)
 76221 | D:8      | Lost mutation: Scrolls take you a little longer to read.
                  | [potion of mutation]
 76221 | D:8      | Gained mutation: You have sharp toenails. [potion of
                  | mutation]
 76221 | D:8      | Gained mutation: You are agile. (Dex +2) [potion of
                  | mutation]
 76976 | Elf:1    | Bought a scroll of enchant weapon for 105 gold pieces
 76976 | Elf:1    | Bought a potion of stabbing for 56 gold pieces
 76976 | Elf:1    | Bought a scroll of silence for 105 gold pieces
 77108 | D:10     | Bought a scroll of enchant armour for 225 gold pieces
 77108 | D:10     | Bought a potion of resistance for 300 gold pieces
 77220 | Vaults:1 | Entered Level 1 of the Vaults
 77639 | Vaults:1 | Found Becro's Magic Scroll Shoppe.
 78239 | Vaults:1 | Reached XP level 23. HP: 145/145 MP: 11/40
 78538 | Vaults:1 | Found Jorull Lehit's Armour Shoppe.
 79463 | Vaults:2 | Identified the +7 morningstar "Kusyits" {venom, +Blink rN+}
 79993 | Vaults:2 | Got an iridescent rapier
 79994 | Vaults:2 | Identified the +6 rapier "Pexkyliucuz" {vamp, +Inv rC++
                  | Str-4 Dex+4} (You found it on level 2 of the Vaults)
 80332 | Vaults:2 | Found Ihinoeff's Jewellery Shoppe.
 80339 | Vaults:2 | Reached skill level 10 in Summonings
 81129 | Vaults:2 | Found a staircase to the Crypt.
 81129 | Vaults:2 | Found an ancient bone altar of Kikubaaqudgha.
 81129 | Vaults:2 | Found a basalt altar of Yredelemnul.
 81478 | Vaults:3 | Reached skill level 16 in Fighting
 82067 | Vaults:3 | Reached skill level 15 in Invocations
 83622 | Vaults:4 | Noticed Jory
 83630 | Vaults:4 | Killed Jory
 83750 | Vaults:4 | Reached XP level 24. HP: 132/153 MP: 23/40
 84194 | Vaults:4 | Noticed Margery
 84203 | Vaults:4 | Killed Margery
 84853 | Orc:2    | Bought a manual of Dodging for 1545 gold pieces
 85013 | D:15     | Entered Level 15 of the Dungeon
 85283 | D:15     | Found a runed translucent gate.
 85284 | D:15     | Found a runed translucent gate.
 85284 | D:15     | Noticed Kyth's ghost (journeyman MiFi)
 85285 | D:15     | Found a runed translucent gate.
 85364 | D:15     | Killed Kyth's ghost
 85379 | D:15     | Got an ancient robe
 85390 | D:15     | Identified the +1 robe of Dawn {rPois rN++ Int+2 Slay-4}
                  | (You found it on level 15 of the Dungeon)
 85721 | D:15     | Found a staircase to the Depths.
 87956 | Depths:1 | Entered Level 1 of the Depths
 88066 | Depths:1 | Found a one-way gate leading to the halls of Pandemonium.
 88359 | Depths:1 | Noticed a golden dragon
 88379 | Depths:1 | Killed a golden dragon
 88513 | Depths:1 | Found a gateway to Hell.
 88628 | Depths:1 | Found the -2 hat of the Alchemist {rElec rPois rF+ rC+ rN+
                  | MR+ rMut rCorr}
 90236 | Depths:2 | Found a one-way gate to the infinite horrors of the Abyss.
 90424 | Depths:2 | Reached skill level 17 in Fighting
 90809 | Depths:2 | Found Bijubuc's Jewellery Shop.
 91019 | Depths:2 | Noticed a juggernaut
 91027 | Depths:2 | Killed a juggernaut
 91032 | Depths:2 | Reached XP level 25. HP: 138/160 MP: 1/41
 91482 | Depths:2 | Found the +8 glaive of the Guard {elec, +Rage AC+5 SInv}
 91718 | Depths:2 | Found a sparkling altar of Nemelex Xobeh.
 91936 | Depths:2 | Reached skill level 15 in Earth Magic
 92533 | Depths:3 | Reached skill level 15 in Dodging
 92538 | Depths:3 | Noticed Mennas
 92677 | Depths:3 | Killed Mennas
 93080 | Depths:3 | Upgraded the game from 0.26-a0-665-gefeb406119 to
                  | 0.26-a0-667-g92642533e4
 93218 | Depths:3 | Got a smoking robe
 93219 | Depths:3 | Identified the +4 robe of Wotharax {Harm rPois rC+ MR-}
                  | (You found it on level 3 of the Depths)
 93219 | Depths:3 | Noticed Louise
 93239 | Depths:3 | Killed Louise
 93631 | Depths:3 | Identified the +7 rapier "Secret Weapon" {pain, *Corrode
                  | MR++ Int+6}
 94146 | Depths:3 | Identified the Disquisition on the Oath and Confrontation
 94488 | Depths:3 | Found a burning altar of Makhleb.
 94488 | Depths:3 | Found a shimmering altar of Xom.
 94490 | Depths:3 | Found a shimmering blue altar of Sif Muna.
 94490 | Depths:3 | Found a sacrificial altar of Ru.
 94983 | Depths:3 | Reached skill level 15 in Spellcasting
 95002 | Depths:3 | Reached skill level 18 in Fighting
 95346 | Depths:3 | Reached XP level 26. HP: 95/168 MP: 5/42
 95707 | Depths:4 | Got a masterwork falchion
 95708 | Depths:4 | Identified the +7 falchion "Silum" {speed, rElec} (You
                  | found it on level 4 of the Depths)
 96373 | Depths:4 | Found Sabaxala's Gadget Boutique.
 96373 | Depths:4 | Found Vouczani's Gadget Boutique.
 96374 | Depths:4 | Found Ruduurch's Jewellery Shoppe.
 96745 | Vaults:1 | Bought a scroll of acquirement for 988 gold pieces
 96745 | Vaults:1 | Bought a scroll of fear for 66 gold pieces
 96968 | Depths:4 | Acquired 857 gold pieces
 96971 | Depths:4 | Bought a condenser vane (2/2) for 300 gold pieces
 97031 | Depths:5 | Entered Level 5 of the Depths
 97499 | Depths:5 | Paralysed by a vampire knight for 2 turns
 97937 | Depths:5 | Found a gateway to a ziggurat.
 98681 | Depths:5 | Found a gate to the Realm of Zot.
 98799 | Depths:4 | Voluntarily entered the Abyss.
 99091 | Abyss:1  | Found a corrupted altar of Lugonu.
 99400 | Abyss:2  | Found a corrupted altar of Lugonu.
 99426 | Abyss:2  | Found a corrupted altar of Lugonu.
100439 | Abyss:3  | Reached XP level 27. HP: 176/176 MP: 43/43
100506 | Abyss:3  | Reached skill level 19 in Fighting
101161 | Abyss:4  | Learned a level 7 spell: Spellforged Servitor
101221 | Abyss:4  | Reached skill level 1 in Armour
101472 | Depths:4 | Escaped the Abyss
101610 | Depths:4 | Voluntarily entered the Abyss.
102118 | Abyss:2  | Found a corrupted altar of Lugonu.
102793 | Abyss:3  | Reached skill level 15 in Conjurations
102800 | Abyss:3  | Found a glowing golden altar of the Shining One.
102847 | Abyss:3  | Noticed a juggernaut
102853 | Abyss:3  | Killed a juggernaut
102856 | Abyss:3  | Got an abyssal rune of Zot
102860 | Depths:4 | Escaped the Abyss
103172 | Vaults:5 | Entered Level 5 of the Vaults
103196 | Vaults:5 | Reached skill level 20 in Fighting
103536 | Vaults:5 | Reached skill level 5 in Armour
104021 | Vaults:5 | Noticed an ancient lich
104079 | Vaults:5 | Killed an ancient lich
104296 | Vaults:5 | Got a silver rune of Zot
104568 | Vaults:5 | Identified the cursed +3 hand crossbow "Killer Bee's Death"
                  | {elec, *Drain rF- MR+++ Dex+9}
104772 | Vaults:5 | Identified the ring "Opue" {rPois MR+ Int+2 Dex+3}
105924 | Vaults:5 | Identified the +2 hand crossbow of Peace {penet, *Corrode
                  | rN+ Dex+4}
106270 | Vaults:5 | Identified the +11 hunting sling "Nuhuom" {speed, Int-2
                  | Dex+5}
106671 | Vaults:2 | Bought the ring "Ivuqije" {rF+ Int+5 Dex+6} for 1328 gold
                  | pieces
106942 | Depths:4 | Bought the ring of the Mage {Wiz MR++ Int+3} for 775 gold
                  | pieces
106942 | Depths:4 | Found the ring of the Mage {Wiz MR++ Int+3}
107188 | Vaults:2 | Learned a level 3 spell: Lesser Beckoning
107189 | Crypt:1  | Entered Level 1 of the Crypt
108502 | Crypt:2  | Reached skill level 15 in Stealth
108990 | Crypt:2  | Noticed a greater mummy
109001 | Crypt:2  | Killed a greater mummy
109884 | Crypt:2  | Noticed a greater mummy
109899 | Crypt:2  | Killed a greater mummy
109916 | Crypt:2  | Noticed Khufu
109928 | Crypt:2  | Killed Khufu
109961 | Crypt:2  | Noticed a greater mummy
110098 | Crypt:2  | Killed a greater mummy
110200 | Crypt:3  | Entered Level 3 of the Crypt
111018 | Crypt:3  | Found a staircase to the Tomb.
111358 | Crypt:3  | Found the +5 robe of Night {Dark MR+ SInv}
111361 | Crypt:3  | Noticed an ancient lich
111361 | Crypt:3  | Noticed an ancient lich
111363 | Crypt:3  | Noticed an ancient lich
111364 | Crypt:3  | Noticed an ancient lich
111410 | Crypt:3  | Killed an ancient lich
111413 | Crypt:3  | Killed an ancient lich
111424 | Crypt:3  | Killed an ancient lich
111437 | Crypt:3  | Killed an ancient lich
111710 | Crypt:3  | Got a scintillating granite ring
111711 | Crypt:3  | Identified the ring "Ahoar" {rElec MR+ Int+3 Slay+3} (You
                  | found it on level 3 of the Crypt)
111727 | Crypt:3  | Got a scorched turquoise ring
111728 | Crypt:3  | Identified the ring "Qupsivol" {rPois rN+} (You found it on
                  | level 3 of the Crypt)
111730 | Crypt:3  | Got a scintillating pewter ring
111731 | Crypt:3  | Identified the ring "Maulav" {rN+ MR+ MP-9 Str+3} (You
                  | found it on level 3 of the Crypt)
111733 | Crypt:3  | Got a scorched iron ring
111734 | Crypt:3  | Identified the ring "Suquevil" {rN+ MP-9 Dex+3} (You found
                  | it on level 3 of the Crypt)
112096 | Pan      | Entered Pandemonium
113728 | Pan      | Noticed Qeizxuff the pandemonium lord
113735 | Pan      | Killed Qeizxuff the pandemonium lord
113738 | Pan      | Got a demonic rune of Zot
114174 | Pan      | Reached skill level 10 in Armour
114959 | Pan      | Reached skill level 10 in Shields
115199 | Pan      | Entered the realm of Mnoleg.
115559 | Pan      | Noticed Mnoleg
115569 | Pan      | Killed Mnoleg
115710 | Pan      | Got a glowing rune of Zot
115896 | Pan      | Entered the realm of Lom Lobon.
115904 | Pan      | Noticed Lom Lobon
115908 | Pan      | Killed Lom Lobon
116036 | Pan      | Got a magical rune of Zot
116826 | Pan      | Got a slimy cloak
116827 | Pan      | Identified the +1 cloak "Eduleago" {+Fly rN++ Slay+2 SInv}
                  | (You found it in Pandemonium)
117776 | Pan      | Upgraded the game from 0.26-a0-667-g92642533e4 to
                  | 0.26-a0-689-gc93c913f66
117777 | Pan      | Entered the realm of Cerebov.
118058 | Pan      | Found an exit through the horrors of the Abyss.
118429 | Pan      | Reached skill level 1 in Translocations
118436 | Pan      | Acquired a book of Burglary
118688 | Pan      | Identified the ring "Beyrphuwn" {+Fly rElec rC- Str+4
                  | Slay+5}
119079 | Pan      | Identified the +6 sword of Cerebov {flame}
119079 | Pan      | Noticed Cerebov
119087 | Pan      | Killed Cerebov
119087 | Pan      | Reached skill level 15 in Shields
119186 | Pan      | Identified the Reference Book on the Twisted Mountains
119247 | Pan      | Got a fiery rune of Zot
119264 | Pan      | Identified the Grimoire of Envenoming
119292 | Pan      | Got a transparent short sword
119293 | Pan      | Identified the +3 short sword of Dullness {pain, +Inv MR-
                  | Dex+2} (You found it in Pandemonium)
119403 | Pan      | Found an exit through the horrors of the Abyss.
119506 | Pan      | Reached skill level 5 in Translocations
120174 | Pan      | Noticed Heonykue the pandemonium lord
120181 | Pan      | Killed Heonykue the pandemonium lord
120436 | Depths:1 | Escaped Pandemonium
120443 | Pan      | Entered the realm of Gloorx Vloq.
120443 | Pan      | Entered Pandemonium
121576 | Pan      | Noticed Gloorx Vloq
121577 | Pan      | Killed Gloorx Vloq
121650 | Pan      | Got a dark rune of Zot
122028 | Pan      | Noticed Diadygg the pandemonium lord
122034 | Pan      | Killed Diadygg the pandemonium lord
122554 | Pan      | Got a fine amber ring
122555 | Pan      | Identified the ring "Nun Ysutu" {Fire Int+3 Stlth+} (You
                  | found it in Pandemonium)
122888 | Pan      | Found an exit through the horrors of the Abyss.
123319 | Pan      | Noticed Wuholone the pandemonium lord
124117 | Depths:1 | Escaped Pandemonium
124125 | Depths:1 | Learned a level 4 spell: Dispel Undead
124127 | Depths:1 | Learned a level 1 spell: Apportation
124294 | D:12     | Bought a glowing scarf for 240 gold pieces
124294 | D:12     | Bought a shadowed robe for 171 gold pieces
124295 | D:12     | Identified the cursed +0 robe of the Griffon {rElec} (You
                  | bought it in a shop on level 12 of the Dungeon)
124437 | Hell     | Entered the Vestibule of Hell
124437 | Hell     | Noticed Geryon
124446 | Hell     | Killed Geryon
124712 | Hell     | Found a gateway to the Iron City of Dis.
124998 | Hell     | Found a gateway to the ashen valley of Gehenna.
125116 | Hell     | Found a gateway to the decaying netherworld of Tartarus.
125364 | Hell     | Found a gateway to the freezing wastes of Cocytus.
125701 | Geh:1    | Entered Level 1 of Gehenna
126729 | Geh:4    | Reached skill level 1 in Necromancy
127205 | Geh:7    | Entered Level 7 of Gehenna
129171 | Geh:7    | Identified the +7 sceptre of Asmodeus
129171 | Geh:7    | Noticed Asmodeus
129181 | Geh:7    | Killed Asmodeus
129194 | Geh:7    | Got an obsidian rune of Zot
129195 | Geh:7    | Identified the Incunabulum of Dislocation and the Escort
129244 | Geh:7    | Learned a level 2 spell: Blink
129439 | Hell     | Upgraded the game from 0.26-a0-689-gc93c913f66 to
                  | 0.26-a0-694-g74916bafe0
130559 | Hell     | Upgraded the game from 0.26-a0-694-g74916bafe0 to
                  | 0.26-a0-707-g31817bcca1
130562 | Dis:1    | Entered Level 1 of the Iron City of Dis
130616 | Dis:1    | Reached skill level 1 in Throwing
130922 | Dis:1    | Reached skill level 21 in Fighting
131020 | Dis:2    | You fall into a shaft and drop 1 floor!
131126 | Dis:3    | You fall into a shaft and drop 3 floors!
131165 | Dis:7    | Entered Level 7 of the Iron City of Dis
131442 | Dis:7    | Reached skill level 5 in Throwing
133169 | Dis:7    | Identified the Disquisition on Stones and the Blaze
133309 | Dis:7    | Identified Sif Muna's Compendium of Torrid Ice
133520 | Dis:7    | Found the +8 demon trident "Rift" {distort, reach+}
133912 | Dis:7    | Identified the +4 staff of Dispater
133912 | Dis:7    | Noticed Dispater
133918 | Dis:7    | Killed Dispater
133946 | Dis:7    | Got an iron rune of Zot
134211 | Hell     | Upgraded the game from 0.26-a0-707-g31817bcca1 to
                  | 0.26-a0-708-g17f3b190f9
134212 | Tar:1    | Entered Level 1 of Tartarus
136182 | Tar:7    | Entered Level 7 of Tartarus
136496 | Tar:7    | Reached skill level 10 in Translocations
137029 | Tar:7    | Noticed the Serpent of Hell
137039 | Tar:7    | Noticed an ancient lich
137049 | Tar:7    | Killed the Serpent of Hell
137050 | Tar:7    | Killed an ancient lich
137098 | Tar:7    | Found the +2 cloak of the Thief {*Fog Slay-2 SInv Stlth+}
137352 | Tar:7    | Got a glittering granite ring
137353 | Tar:7    | Identified the ring of Cehona {rElec rF- Str+9 Int+6
                  | Dex+10} (You found it on level 7 of Tartarus)
137394 | Tar:7    | Learned a level 9 spell: Shatter
137897 | Tar:7    | Noticed an ancient lich
137904 | Tar:7    | Killed an ancient lich
137973 | Tar:7    | Noticed an ancient lich
137985 | Tar:7    | Killed an ancient lich
138004 | Tar:7    | Got a smoking dagger
138005 | Tar:7    | Identified the +1 dagger "Amageto" {flame, *Rage *Corrode
                  | rF+ Int+4} (You found it on level 7 of Tartarus)
138139 | Tar:7    | Got a shimmering granite ring
138140 | Tar:7    | Identified the ring "Ubaan" {rPois rC- Int+5 Dex+4} (You
                  | found it on level 7 of Tartarus)
138566 | Tar:7    | Noticed an ancient lich
138572 | Tar:7    | Killed an ancient lich
139025 | Tar:7    | Noticed Ereshkigal
139036 | Tar:7    | Killed Ereshkigal
139052 | Tar:7    | Got a bone rune of Zot
139607 | D:15     | Learned a level 6 spell: Dispersal
139648 | Coc:1    | Entered Level 1 of Cocytus
140309 | Coc:1    | Noticed a shard shrike
140314 | Coc:1    | Killed a shard shrike
140366 | Coc:3    | Noticed a shard shrike
140368 | Coc:3    | Killed a shard shrike
140600 | Coc:5    | Reached skill level 22 in Fighting
140849 | Coc:6    | Noticed a shard shrike
140855 | Coc:6    | Killed a shard shrike
140947 | Coc:7    | Entered Level 7 of Cocytus
141204 | Coc:7    | Reached skill level 23 in Fighting
141256 | Coc:7    | Noticed a shard shrike
141297 | Coc:7    | Noticed a shard shrike
141297 | Coc:7    | Noticed a shard shrike
141302 | Coc:7    | Killed a shard shrike
141302 | Coc:7    | Killed a shard shrike
141302 | Coc:7    | Killed a shard shrike
141622 | Coc:7    | Noticed a shard shrike
141624 | Coc:7    | Noticed a shard shrike
141626 | Coc:7    | Noticed a shard shrike
141627 | Coc:7    | Killed a shard shrike
141627 | Coc:7    | Noticed a shard shrike
141630 | Coc:7    | Killed a shard shrike
141633 | Coc:7    | Killed a shard shrike
141634 | Coc:7    | Killed a shard shrike
141634 | Coc:7    | Reached skill level 24 in Fighting
141680 | Coc:7    | Identified Bycum's Disquisition on Contamination
141810 | Coc:7    | Noticed a shard shrike
141954 | Coc:7    | Noticed a shard shrike
141965 | Coc:7    | Killed a shard shrike
141966 | Coc:7    | Killed a shard shrike
142149 | Coc:7    | Noticed a shard shrike
142149 | Coc:7    | Noticed a shard shrike
142150 | Coc:7    | Noticed a shard shrike
142151 | Coc:7    | Killed a shard shrike
142152 | Coc:7    | Noticed a shard shrike
142153 | Coc:7    | Killed a shard shrike
142154 | Coc:7    | Killed a shard shrike
142154 | Coc:7    | Killed a shard shrike
142158 | Coc:7    | Reached skill level 25 in Fighting
142437 | Coc:7    | Noticed Antaeus
142446 | Coc:7    | Killed Antaeus
142462 | Coc:7    | Identified the Collected Works on Transmigration
142465 | Coc:7    | Got a transparent glass ring
142466 | Coc:7    | Identified the ring of the Witching Fool {Fire MR++ Str+4
                  | Dex+5} (You found it on level 7 of Cocytus)
142469 | Coc:7    | Got an icy rune of Zot
142973 | D:4      | Bought a wand of digging (4) for 176 gold pieces
142973 | D:4      | Bought a wand of acid (13) for 374 gold pieces
143018 | D:4      | Bought a wand of acid (7) for 220 gold pieces
143441 | Depths:4 | Bought a wand of iceblast (10) for 224 gold pieces
143759 | Tomb:1   | Entered Level 1 of the Tomb of the Ancients
144096 | Tomb:1   | Reached skill level 1 in Evocations
144366 | Tomb:1   | Noticed a greater mummy
144373 | Tomb:1   | Killed a greater mummy
144786 | D:15     | Learned a level 8 spell: Ignition
145152 | Tomb:1   | Reached skill level 1 in Fire Magic
145238 | Tomb:1   | Noticed a greater mummy
145257 | Tomb:1   | Killed a greater mummy
145257 | Tomb:1   | Reached skill level 26 in Fighting
145712 | Tomb:1   | Noticed a greater mummy
145717 | Tomb:1   | Noticed a greater mummy
145717 | Tomb:1   | Noticed a greater mummy
145717 | Tomb:1   | Noticed a greater mummy
145720 | Tomb:1   | Noticed a greater mummy
145724 | Tomb:1   | Killed a greater mummy
145724 | Tomb:1   | Killed a greater mummy
145731 | Tomb:1   | Killed a greater mummy
145731 | Tomb:1   | Reached skill level 5 in Fire Magic
145732 | Tomb:1   | Killed a greater mummy
145736 | Tomb:1   | Killed a greater mummy
145736 | Tomb:1   | Noticed a greater mummy
145890 | Tomb:1   | Noticed a greater mummy
145904 | Tomb:1   | Killed a greater mummy
145907 | Tomb:1   | Noticed a greater mummy
145907 | Tomb:1   | Killed a greater mummy
145914 | Tomb:1   | Killed a greater mummy
146488 | Tomb:1   | Noticed a greater mummy
146500 | Tomb:1   | Killed a greater mummy
146768 | Tomb:1   | Noticed a greater mummy
146780 | Tomb:1   | Killed a greater mummy
147450 | Tomb:1   | Noticed a greater mummy
147459 | Tomb:1   | Killed a greater mummy
148571 | Tomb:1   | Noticed a greater mummy
148583 | Tomb:1   | Killed a greater mummy
149271 | Tomb:1   | Glimpsed the power of Zot.
149615 | Tomb:3   | Entered Level 3 of the Tomb of the Ancients
149635 | Tomb:3   | Reached skill level 10 in Fire Magic
149677 | Tomb:3   | Noticed an ancient lich
149679 | Tomb:3   | Killed an ancient lich
149710 | Tomb:3   | Noticed a greater mummy
149710 | Tomb:3   | Noticed a greater mummy
149730 | Tomb:3   | Noticed a greater mummy
149734 | Tomb:3   | Noticed a greater mummy
149735 | Tomb:3   | Noticed a greater mummy
149741 | Tomb:3   | Noticed a greater mummy
149912 | Tomb:3   | Killed a greater mummy
149914 | Tomb:3   | Noticed a greater mummy
149917 | Tomb:3   | Killed a greater mummy
149918 | Tomb:3   | Noticed a greater mummy
149919 | Tomb:3   | Killed a greater mummy
149934 | Tomb:3   | Got a golden rune of Zot
149958 | Tomb:3   | Killed a greater mummy
149998 | Tomb:3   | Killed a greater mummy
150023 | Tomb:3   | Killed a greater mummy
150196 | Tomb:3   | Reached skill level 15 in Fire Magic
150358 | Tomb:3   | Got a scorched tin ring
150359 | Tomb:3   | Identified the ring "Anugalur" {Ice rElec Str-5 Stlth+}
                  | (You found it on level 3 of the Tomb of the Ancients)
150409 | Tomb:3   | Identified Abuneisk's Magic, and How To Use It
150471 | Tomb:3   | Killed a greater mummy
150490 | Tomb:3   | Killed a greater mummy
150630 | Tomb:3   | Got a twitching lead ring
150631 | Tomb:3   | Identified the ring of Feiwuotz {Wiz Stlth+} (You found it
                  | on level 3 of the Tomb of the Ancients)
150634 | Tomb:3   | Got a fading dagger
150635 | Tomb:3   | Identified the cursed +3 dagger of Wyrd {vorpal, rPois rC-
                  | Int+3} (You found it on level 3 of the Tomb of the
                  | Ancients)
150739 | Tomb:1   | Noticed a greater mummy
150744 | Tomb:1   | Killed a greater mummy
150746 | Tomb:1   | Noticed a greater mummy
150752 | Tomb:1   | Killed a greater mummy
151207 | Zot:1    | Entered Level 1 of the Realm of Zot
152690 | Zot:2    | Noticed an orb of fire
152777 | Zot:2    | Killed an orb of fire
154630 | Zot:3    | Reached skill level 27 in Fighting
154785 | Zot:3    | You fall into a shaft and drop 1 floor!
156506 | Zot:5    | Entered Level 5 of the Realm of Zot
157025 | Zot:5    | Noticed an ancient lich
157028 | Zot:5    | Killed an ancient lich
157028 | Zot:5    | Reached skill level 5 in Evocations
157421 | Zot:5    | Noticed an ancient lich
157426 | Zot:5    | Killed an ancient lich
157485 | Zot:5    | Noticed an ancient lich
157489 | Zot:5    | Killed an ancient lich
157495 | Zot:5    | Noticed an orb of fire
157499 | Zot:5    | Killed an orb of fire
157529 | Zot:5    | Noticed a Killer Klown
157535 | Zot:5    | Killed a Killer Klown
157701 | Zot:5    | Noticed an ancient lich
157704 | Zot:5    | Killed an ancient lich
158023 | Zot:5    | Got the Orb of Zot
158606 | D:4      | Killed Menkaure
158670 | D:$      | Escaped with the Orb!

Illustrated notes

Levels and vault maps discovered:
D:1:      psy_arrival_terrarium, layout_rooms, serial_rivers,
          chequers_serial_rivers_micro_e, chequers_serial_rivers_micro_a,
          chequers_serial_rivers_micro_d, chequers_serial_rivers_room_b,
          minmay_misc_feat_chi, hangedman_feature_mirror
D:2:      layout_loops_ring
D:3:      layout_loops_ring, uniq_robin, uniq_terence
D:4:      layout_loops_ring, serial_shops, kennysheep_little_box, shop,
          nicolae_shop_behind_doors, shop, shop, serial_undead, serial_undead_a,
          serial_undead_f, serial_undead_b, serial_undead_a, uniq_menkaure
D:5:      layout_cave_pods, uniq_edmund
D:6:      layout_basic, demons_altar, minmay_temple_entry_wispy,
          nicolae_ossuary_entry_monument, uniq_blork_the_orc, uniq_sigmund,
          uniq_pikel
D:7:      layout_cave_pools
D:8:      layout_basic, lair_entry_dummy, serial_shops, shop,
          minmay_misc_feat_rows
D:9:      layout_irregular_city, chequers_big_river
D:10:     layout_long_grid, serial_shops, shop
D:11:     layout_long_grid, orc_0_dummy, ebering_ghost_reflecting_pool,
          uniq_grum
D:12:     layout_roguey, serial_shops, nicolae_shop_waterfront, uniq_frances,
          uniq_kirke, uniq_azrael, uniq_fannar
D:13:     layout_irregular_city, erik_vaults_2
D:14:     layout_grid_maze, gauntlet_entry_generic
D:15:     gammafunk_enter_depths_forms, layout_irregular_city, minivault_23,
          gammafunk_ghost_hydra_chop, minivault_16
Temple:   kilobyte_greek_temple
Lair:1:   layout_cave_shapes, beast_lair_carwin_7
Lair:2:   layout_big_grid, grunt_megastairs_4, lemuel_fruit_tree
Lair:3:   layout_misc_corridors, grunt_megastairs_5
Lair:4:   layout_regular_city, elwin_shoals_entry_stream, spider_nest_entry_a,
          gammafunk_ghost_arena, basic_altar, uniq_sonja
Lair:5:   layout_regular_city, minmay_stone_trees_medium,
          small_statue_intersection
Lair:6:   grunt_lair_end_beastmaster, layout_gridlike,
          minmay_slime_entry_pillars
Shoals:1: layout_shoals, argonaut_gorgonesque
Shoals:2: layout_shoals, portal_ice_cave_entry_frozen_things, uniq_donald
Shoals:3: nzn_motion_control, layout_shoals
Shoals:4: shoals_end_hangedman, layout_shoals
Spider:1: layout_spider_delve
Spider:2: layout_spider_delve, uniq_arachne
Spider:3: layout_spider_delve, hangedman_stitches_earthworm, uniq_roxanne,
          uniq_asterion, uniq_mara
Spider:4: grunt_spider_rune_circles, uniq_bai_suzhen
Slime:1:  layout_caves, cheibrodos_slime_lost_civilization_7
Slime:2:  layout_caves, cheibrodos_slime_lost_civilization_6
Slime:3:  layout_caves
Slime:4:  layout_caves
Slime:5
Orc:1:    layout_diamond_mine, basic_altar
Orc:2:    st_orc_rangers, layout_caves, basic_altar
Elf:1:    layout_gridlike, serial_shops, nicolae_shop_waterfront,
          minmay_elf_annihilation, lemuel_blue_sif_altar
Elf:2:    layout_gridlike, mu_enter_wizlab_1, serial_corexii_hall,
          corexii_hall_statues_u, chequers_hall_statues_wall_a, basic_altar
Elf:3:    minmay_elf_hall_x, layout_geoelf_octagon, basic_altar
Vaults:1: vaults_room_door_hall, hangedman_vaults_nodes, v_misc_25,
          vaults_room_hallway, vaults_room_grunt_arrival_ludios,
          nicolae_vaults_little_squares_1, v_misc_12, ontoclasm_vaults_tryst,
          nicolae_vaults_asterisk, layout_vaults_omnigrid, serial_shops, shop,
          shop
Vaults:2: st_squares, hangedman_vaults_nails, v_misc_24, vaults_room_boxed,
          minmay_crypt_entry_necro_gods, layout_vaults_chaotic_city,
          serial_shops, shop
Vaults:3: vaults_room_ringed_pool, nicolae_vaults_alarming,
          nicolae_vaults_shelves_hall, nicolae_vaults_little_squares_5,
          v_misc_22, grunt_vaults_funnel, v_alt_pattern_1, v_pattern_1,
          nicolae_vaults_triangles, v_misc_24, vaults_room_pools,
          hangedman_vaults_trim, layout_vaults_ring
Vaults:4: v_alt_pattern_1, v_misc_30, v_misc_26, hangedman_vaults_unwind,
          vaults_mumra_minichess_inversion, v_rooms_5, v_misc_15, v_misc_27,
          nicolae_vaults_little_squares_5, v_misc_16,
          nicolae_vaults_little_squares_6, layout_vaults_omnicross,
          uniq_margery, uniq_jory
Vaults:5: serial_shops
Crypt:1:  minmay_shadows, layout_gridlike, grunt_ministairs_10, st_stairs_6,
          minmay_misc_feat_columns
Crypt:2:  ragdoll_tomb_raider, layout_chaotic_city
Crypt:3:  david_glass_crypt, layout_chaotic_city,
          nicolae_tomb_entry_unfolded_pyramid_orthogonal
Tomb:1
Tomb:2
Tomb:3
Depths:1: layout_gridville, hell_entry, abandoned_shop, rand_demon_pan_entry_3,
          eino_small_chamber_without_monster, minmay_strange_pillars,
          hangedman_decor_push, minmay_fractal_squares_gapless_7
Depths:2: minmay_guarded_unrand_guard, layout_gridlike,
          grunt_pan_entry_in_and_out, hell_entry, abyss_entry,
          nemelex_xobeh_ov_fountains_minmay, minmay_shop_star,
          infiniplex_staircase_split_hallway, serial_bayou_shore_a
Depths:3: minmay_the_grid_octo_2x2 [minmay_the_grid_octo_horde,
          minmay_the_grid_octo_clover, minmay_the_grid_octo_shrine,
          minmay_the_grid_octo_prize_big_c], layout_honeycomb,
          nicolae_abyss_entry_one_way_or_another, grunt_pan_entry_zigzag,
          hex_tiny, hell_entry, st_stairs_1, uniq_mennas
Depths:4: minmay_distorted_concentric_squares, layout_cave_shapes,
          rand_demon_pan_entry_5, abyss_entry, hell_entry, minivault_16,
          minmay_shop_grove
Depths:5: evilmike_zot_entry_round, layout_cave_pools, enter_ziggurat_b,
          pan_entry, grunt_decor_resistance, hell_entry
Hell
Dis:1:    layout_chaotic_city
Dis:2:    layout_gridville
Dis:3:    layout_gridville, hangedman_dis_chains
Dis:6:    layout_jigsaw
Dis:7:    iron_city_of_dis [dis_old, dis_wall_4], layout_chaotic_city,
          nicolae_dis_lava_storage_tank
Geh:1:    layout_gehenna_pools_triple
Geh:2:    layout_gehenna_lava_caves
Geh:3:    layout_gehenna_pools_box, gehenna_fire_generator
Geh:4:    layout_gehenna_pools_box
Geh:5:    layout_gehenna_lava_caves
Geh:6:    layout_gehenna_pools_basic, hangedman_hellfire_club
Geh:7:    geh_grunt_pentagon
Coc:1:    layout_ice_bergs
Coc:2:    layout_cocytus_water_paths
Coc:3:    layout_cocytus_water_paths
Coc:4:    layout_cocytus_water_paths
Coc:5:    layout_ice_bergs
Coc:6:    layout_cocytus_water_paths
Coc:7:    coc_grunt
Tar:1:    layout_grid_maze
Tar:2:    layout_grid_maze
Tar:3:    layout_grid_maze
Tar:4:    layout_catacombs
Tar:5:    layout_cathedral_of_symmetry, nicolae_tar_cuneiform_to_be
Tar:6:    layout_catacombs
Tar:7:    tar_grunt, tar_grunt_ereshkigal, tar_grunt_big_loot,
          tar_grunt_small_loot, tar_grunt_small_loot, tar_grunt_small_loot,
          tar_grunt_decor_8, tar_grunt_decor_cross_diag,
          tar_grunt_decor_octagon_7, tar_grunt_decor_circle_5,
          tar_grunt_decor_8, nicolae_tar_cuneiform_bird, tar_grunt_decor_4,
          tar_grunt_small_decor_pillar, tar_grunt_small_decor_pillar,
          tar_grunt_decor_4, tar_grunt_decor_6, tar_grunt_decor_cross_ortho,
          tar_grunt_decor_cross_diag, tar_grunt_decor_circle_5,
          tar_grunt_decor_cross_ortho
Zot:1:    layout_onion_interference
Zot:2:    layout_twisted_circle, st_stairs_3, lemuel_golem_globe,
          lemuel_elevator
Zot:3:    layout_basic, grunt_megastairs_1
Zot:4:    layout_misc_corridors, nicolae_lava_and_water
Zot:5:    layout_onion

Skill      XL: |  1  2  3  4  5  6  7  8  9 10 11 12 13 14 15 16 17 18 19 20 21 22 23 24 25 26 27 |
---------------+----------------------------------------------------------------------------------+-----
Stealth        | 3 4 5 6 8 9 10 12 23 | 23.5
Fighting       | 1 2 3 4 5 7 8 9 10 11 12 13 14 15 16 17 18 27 | 27.0
Spellcasting   | 3 4 5 6 7 10 11 12 13 14 15 16 20 | 20.0
Conjurations   | 5 6 7 10 11 12 13 16 | 16.0
Hexes          | 1 4 6 |  6.0
Short Blades   | 6 8 10 12 | 12.3
Dodging        | 3 5 8 10 11 14 17 19 20 | 20.0
Shields        | 3 5 21 | 21.0
Long Blades    | 6 7 9 12 13 | 13.2
Invocations    | 3 6 7 8 10 11 13 14 15 25 | 25.0
Ice Magic      | 4 6 |  6.8
Transmutations | 6 8 10 | 10.0
Poison Magic   | 3 5 |  5.3
Summonings     | 5 8 10 | 10.0
Earth Magic    | 2 9 10 12 14 15 24 | 24.0
Armour         | 10 | 10.0
Translocations | 10 | 10.0
Necromancy     | 4 |  4.0
Throwing       | 6 |  6.0
Evocations     | 9 |  9.2
Fire Magic     | 18 | 18.0

Action                   |  1- 3 |  4- 6 |  7- 9 | 10-12 | 13-15 | 16-18 | 19-21 | 22-24 | 25-27 || total
-------------------------+-------+-------+-------+-------+-------+-------+-------+-------+-------++-------
Melee: Dagger            |    39 |   100 |   156 |   225 |   340 |   678 |   217 |     8 |   808 ||  2571
       Long sword        |       |       |       |    29 |       |       |       |       |       ||    29
       Spear             |       |       |       |     4 |       |       |       |       |       ||     4
       Rapier            |       |       |       |       |       |    34 |       |       |   902 ||   936
       Demon blade       |       |       |       |       |       |   111 |   246 |   416 |  2759 ||  3532
       Quick blade       |       |       |       |       |       |       |    82 |   224 |    60 ||   366
       Kick              |       |       |       |       |       |       |       |     6 |   443 ||   449
       Eudemon blade     |       |       |       |       |       |       |       |       |  2835 ||  2835
Throw: Dart              |       |       |     5 |       |       |       |       |       |     1 ||     6
       Boomerang         |       |       |       |       |     2 |       |       |       |       ||     2
       Throwing net      |       |       |       |       |       |     2 |     4 |     2 |     7 ||    15
 Cast: Magic Dart        |    32 |    42 |    62 |    12 |       |       |       |       |       ||   148
       Fulminant Prism   |       |       |     4 |    64 |   143 |   104 |    63 |    13 |    13 ||   404
       Searing Ray       |       |       |    17 |    33 |    56 |    81 |    62 |     1 |       ||   250
       Dazzling Flash    |       |       |     4 |    24 |    22 |     2 |    12 |       |     1 ||    65
       Ensorcelled Hiber |       |       |       |    63 |   111 |    79 |    36 |       |       ||   289
       Frozen Ramparts   |       |       |       |       |    39 |     4 |    16 |     9 |     8 ||    76
       Passwall          |       |       |       |       |     7 |     4 |    13 |     5 |    49 ||    78
       Ozocubu's Armour  |       |       |       |       |    19 |     5 |       |       |       ||    24
       Hailstorm         |       |       |       |       |    20 |    13 |     4 |       |       ||    37
       Ignite Poison     |       |       |       |       |    14 |    48 |    16 |       |       ||    78
       Summon Mana Viper |       |       |       |       |    28 |   121 |    93 |     8 |   292 ||   542
       Statue Form       |       |       |       |       |       |    78 |    24 |    13 |    71 ||   186
       Irradiate         |       |       |       |       |       |    10 |     7 |    21 |   117 ||   155
       Borgnjor's Vile C |       |       |       |       |       |       |    62 |    70 |   359 ||   491
       Iron Shot         |       |       |       |       |       |       |    59 |   107 |   562 ||   728
       Spellforged Servi |       |       |       |       |       |       |       |       |    86 ||    86
       Lesser Beckoning  |       |       |       |       |       |       |       |       |    44 ||    44
       Ignition          |       |       |       |       |       |       |       |       |    10 ||    10
       Shatter           |       |       |       |       |       |       |       |       |     7 ||     7
       Blink             |       |       |       |       |       |       |       |       |     5 ||     5
       Dispel Undead     |       |       |       |       |       |       |       |       |     2 ||     2
       Apportation       |       |       |       |       |       |       |       |       |     2 ||     2
Invok: Line Pass         |       |       |       |     2 |     2 |     4 |     3 |     1 |    19 ||    31
       Stomp             |       |       |       |     1 |       |       |       |       |     1 ||     2
       Grand Finale      |       |       |       |       |       |       |       |       |    14 ||    14
 Abil: End Transformatio |       |       |       |       |       |     6 |     1 |       |     3 ||    10
       Evoke Flight      |       |       |       |       |       |     3 |     3 |     1 |       ||     7
Evoke: Wand              |       |       |       |     3 |     2 |    10 |     4 |       |     9 ||    28
       Phantom mirror    |       |       |       |       |       |     2 |       |       |     2 ||     4
       Lightning rod     |       |       |       |       |       |       |     2 |       |     7 ||     9
       Phial of floods   |       |       |       |       |       |       |       |     1 |     1 ||     2
       Condenser vane    |       |       |       |       |       |       |       |       |     2 ||     2
  Use: Potion            |     2 |       |     1 |     2 |     4 |    11 |     9 |     4 |    36 ||    69
       Scroll            |       |     7 |     5 |    13 |    13 |    15 |    20 |    10 |    63 ||   146
 Stab: Sleeping          |     8 |    19 |    18 |    79 |    73 |    77 |    71 |    81 |   243 ||   669
       Invisible         |       |       |     1 |    16 |    14 |     4 |     3 |       |     5 ||    43
       Distracted        |       |       |       |     1 |       |     7 |     4 |     4 |   130 ||   146
       Paralysed         |       |       |       |     4 |    32 |    44 |    49 |    93 |   784 ||  1006
       Confused          |       |       |       |     1 |       |       |       |       |    20 ||    21
       Held in net/web   |       |       |       |       |       |     2 |     1 |       |     1 ||     4
       Petrifying        |       |       |       |       |       |       |       |       |     1 ||     1
Armor: Robe              |     7 |    22 |    31 |     4 |       |       |       |       |       ||    64
       Skin              |       |       |     4 |     9 |     3 |   688 |   194 |   110 |   321 ||  1329
       Leather armour    |       |       |       |    50 |    68 |    66 |    21 |       |       ||   205
       Troll leather arm |       |       |       |       |       |       |    40 |    48 |   572 ||   660
Dodge: Dodged            |    41 |   120 |   103 |   209 |   330 |  1267 |   647 |   531 |  4466 ||  7714
Block: Other             |       |     4 |    33 |     8 |       |       |       |       |       ||    45
       Buckler           |       |       |       |   187 |   215 |   651 |   434 |   253 |   560 ||  2300
       Reflection        |       |       |       |       |    17 |     6 |    30 |       |    53 ||   106
       Kite shield       |       |       |       |       |       |       |       |       |  4225 ||  4225
       Rpst.: Long sword |       |       |       |     4 |       |       |       |       |       ||     4
       Demon blade       |       |       |       |       |       |    14 |    42 |    81 |   399 ||   536
       Eudemon blade     |       |       |       |       |       |       |       |       |   311 ||   311

Table legend: (Time is in decaauts)
 A = Elapsed time spent in this place.
 B = Non-inter-level travel time spent in this place.
 C = Inter-level travel time spent in this place.
 D = Time resting spent in this place.
 E = Time spent auto-exploring this place.
 F = Levels seen in this place.
 G = Mean time per level.
                   A        B        C        D        E       F      G
               +--------+--------+--------+--------+--------+-----+--------+
         Total | 153072 | 137117 |  15955 |  44325 |  35563 | 116 | 1319.6 |
       Dungeon |  30121 |  23583 |   6538 |   7490 |   8080 |  15 | 2008.1 |
        Temple |    323 |    264 |     59 |      0 |    259 |   1 |  323.0 |
          Lair |  12935 |  11596 |   1339 |   5015 |   2935 |   6 | 2155.8 |
        Shoals |   8263 |   7851 |    412 |   3067 |   1084 |   4 | 2065.8 |
   Spider Nest |   8373 |   7903 |    470 |   3977 |   1163 |   4 | 2093.2 |
    Slime Pits |   2335 |   2115 |    220 |   1063 |    465 |   5 |  467.0 |
  Orcish Mines |   4838 |   4170 |    668 |   2463 |    412 |   2 | 2419.0 |
   Elven Halls |  10415 |   9733 |    682 |   3438 |   2491 |   3 | 3471.7 |
        Vaults |  10570 |   9070 |   1500 |   1816 |   4866 |   5 | 2114.0 |
         Crypt |   4572 |   4073 |    499 |    767 |   1872 |   3 | 1524.0 |
          Tomb |   6829 |   6471 |    358 |   1379 |   2991 |   3 | 2276.3 |
        Depths |  10704 |   9222 |   1482 |   3329 |   2797 |   5 | 2140.8 |
          Hell |   1480 |   1179 |    301 |    221 |    335 |   1 | 1480.0 |
           Dis |   2972 |   2670 |    302 |    402 |      0 |   5 |  594.4 |
       Gehenna |   3121 |   3004 |    117 |    814 |      0 |   7 |  445.9 |
       Cocytus |   3056 |   2841 |    215 |    348 |      0 |   7 |  436.6 |
      Tartarus |   4484 |   3924 |    560 |    821 |     84 |   7 |  640.6 |
           Zot |   6417 |   6192 |    225 |   1732 |   1692 |   5 | 1283.4 |
         Abyss |   4029 |   4029 |      0 |    364 |   1142 |   8 |  503.6 |
   Pandemonium |  11039 |  11039 |      0 |   2887 |   2639 |  16 |  689.9 |
       Ossuary |    353 |    353 |      0 |    161 |      0 |   1 |  353.0 |
      Ice Cave |   2226 |   2226 |      0 |   1319 |      0 |   1 | 2226.0 |
        Wizlab |   2683 |   2683 |      0 |    965 |    250 |   1 | 2683.0 |
      Gauntlet |    924 |    924 |      0 |    481 |      0 |   1 |  924.0 |
               +--------+--------+--------+--------+--------+-----+--------+

Top non-repeatable levels by time:
  Tomb:1: 5368 daAuts
   Elf:3: 5074 daAuts
  Lair:6: 3672 daAuts
    D:11: 3428 daAuts
  Lair:4: 3236 daAuts
Spider:2: 2911 daAuts
     D:8: 2870 daAuts
    D:15: 2851 daAuts
Depths:3: 2846 daAuts
   Tar:7: 2815 daAuts
   Elf:2: 2763 daAuts
  WizLab: 2683 daAuts
   Elf:1: 2577 daAuts
    D:12: 2575 daAuts
   Orc:2: 2557 daAuts
